 Dungeon Crawl Stone Soup version 0.31-a0-988-g08d55dae12 (webtiles) character file.

Game seed: 14653037662330369151

1769096 EnegeticOcto the Polluter (level 24, 158/158 HPs)
             Began as a Felid Chaos Knight on Nov 4, 2023.
             Was a Favourite Plaything of Xom.
             Escaped with the Orb
             ... and 3 runes!
             The game lasted 02:07:23 (58500 turns).

EnegeticOcto the Polluter (Felid Chaos Knight)     Turns: 58500, Time: 02:07:24

Health: 158/158    AC: 31    Str:  7    XL:     24   Next: 94%
Magic:  36/36      EV: 48    Int: 15    God:    Xom [......]
Gold:   3056       SH:  0    Dex: 28    Spells: 18/40 levels left
                                        Lives:  2   Deaths: 3

rFire   + +          .
                       - Unarmed
rCold   + . .        (shield unavailable)
rNeg    + . .        (body armour unavailable)
rPois   ∞            (helmet unavailable)
rElec   +            (cloak unavailable)
rCorr   .            (gloves unavailable)
SInv    +            (boots unavailable)
Will    +++..        y - amulet of regeneration
Stlth   ++           T - ring of Levity {rF++ EV+5}
HPRegen 1.26/turn    M - ring of protection from cold
MPRegen 0.25/turn

%: clarity
@: statue-form, studying Dodging, very slow
A: slow and powerful, torment resistance 1, boosted hp, very small, claws 1,
fangs 3, see invisible, (speed 1), (shaggy fur 3), stealthy paws, no weapons or
thrown items, no armour, multi-lived, (iridescent scales 3), agile 1, clarity,
inability to read after injury 1, MP-powered wands
0: Orb of Zot
}: 3/15 runes: decaying, serpentine, silver
a: Begin Untransformation, Renounce Religion


You escaped.
You worshipped Xom.
You were a very special plaything of Xom.
You were a living statue of rough stone.
You visited 9 branches of the dungeon, and saw 47 of its levels.
You visited the Abyss 1 time.
You visited 1 bazaar.
You also visited: Ossuary.

You collected 8810 gold pieces.
You spent 5754 gold pieces at shops.

Inventory:

Jewellery
 b - a ring of flight
   (You found it on level 1 of the Dungeon)
 c - a +6 ring of dexterity
   (You found it on level 1 of the Dungeon)
 k - a ring of willpower
   (You found it on level 3 of the Depths)
 n - a +4 ring of protection
   (You took it off a kobold on level 4 of the Dungeon)
 y - an amulet of regeneration (around neck)
   (You found it in an ossuary)
 F - a +6 ring of intelligence
   (You found it on level 4 of the Depths)
 G - the ring "Buserrih" {Will+ rCorr}
   (You took it off a deep elf death mage on level 3 of the Elven Halls)

   [ring of willpower]

   Will+:     It increases your willpower.
   rCorr:     It protects you from acid and corrosion.
 M - a ring of protection from cold (right paw)
   (You bought it in a shop on level 2 of the Orcish Mines)
 R - the ring "Sony" {EV+5 Dex+6}
   (You took it off a vault guard on level 5 of the Vaults)

   [ring of evasion]

   EV+5:      It affects your evasion (+5).
   Dex+6:     It affects your dexterity (+6).
 T - the ring of Levity (left paw) {rF++ EV+5}
   (You bought it in a shop on level 1 of the Vaults)

   [ring of evasion]

   EV+5:      It affects your evasion (+5).
   rF++:      It greatly protects you from fire.
Talismans
 K - a granite talisman (active)
   (You bought it in a shop on level 9 of the Dungeon)
Wands
 i - a wand of paralysis (51)
   (You took it off a kobold on level 3 of the Dungeon)
 o - a wand of polymorph (29)
   (You found it on level 5 of the Lair of Beasts)
 t - a wand of digging (22) {@v3}
   (You found it on level 5 of the Dungeon)
 v - a wand of flame (72) {@v4}
   (You found it on level 6 of the Dungeon)
 E - a wand of light (31) {@v1}
   (You took it off Maggie on level 7 of the Dungeon)
 N - a wand of roots (24) {@v2}
   (You found it on level 3 of the Lair of Beasts)
 P - a wand of mindburst (21)
   (You took it off a naga mage on level 1 of the Snake Pit)
Scrolls
 a - a scroll of butterflies
 e - 2 scrolls of silence {!r}
 g - 15 scrolls of teleportation {@r3 !r}
 h - 8 scrolls of amnesia
 m - 2 scrolls of torment
 s - 5 scrolls of poison
 u - 8 scrolls of immolation
 x - 5 scrolls of revelation {@r5 !r}
 A - 10 scrolls of fog {!r}
 D - a scroll of blinking {@r4}
 J - 7 scrolls of fear {!r}
 L - 8 scrolls of vulnerability
Potions
 d - 13 potions of lignification {@q6}
 f - 11 potions of mutation
 j - 32 potions of curing {@q1 !q}
 l - 5 potions of enlightenment
 p - 7 potions of haste {@q4 !q}
 q - 7 potions of heal wounds {@q2 !q}
 r - 5 potions of berserk rage
 w - a potion of magic
 z - 4 potions of resistance
 B - 8 potions of might {@q3 !q}
 C - 3 potions of ambrosia
 H - 6 potions of attraction
 I - 8 potions of brilliance
 O - 4 potions of invisibility
 Q - 4 potions of cancellation
Miscellaneous
 S - a phial of floods
   (You found it on level 5 of the Vaults)
 U - a sack of spiders
   (You found it on level 5 of the Vaults)
 V - a phantom mirror
   (You found it on level 5 of the Vaults)
 W - a condenser vane
   (You found it on level 5 of the Vaults)


   Skills:
 - Level 20.0 Fighting
 - Level 20.0 Dodging
 + Level 7.7 Stealth
 - Level 20.0 Unarmed Combat
 + Level 8.5 Spellcasting
 - Level 14.0 Translocations
 - Level 5.2 Transmutations
 - Level 6.0 Air Magic
 - Level 1.0 Earth Magic
 - Level 20.1 Poison Magic
 + Level 10.6 Evocations
 - Level 20.0 Shapeshifting


You had 18 spell levels left.
You knew the following spells:

 Your Spells              Type           Power      Damage    Failure   Level
a - Apportation           Tloc           96%        N/A       1%          1
b - Wereblood             Tmut           22%        N/A       1%          2
c - Lesser Beckoning      Tloc           96%        N/A       1%          2
e - Petrify               Tmut/Erth      15%        N/A       30%         4
f - Vhi's Electric Charg  Tloc/Air       72%        N/A       1%          4
h - Olgreb's Toxic Radia  Pois           61%        N/A       1%          4
p - Passwall              Tmut/Erth      12%        N/A       4%          2
s - Ignite Poison         Fire/Tmut/Pois 31%        N/A       1%          3

Your spell library contained the following spells:

 Spells                   Type           Power      Damage    Failure   Level
 Sting                    Tmut/Pois      100%       1d8       1%          1
 Cigotuvi's Dreadful Rot  Necr/Pois/Air  64%        N/A       1%          2
 Poisonous Vapours        Pois/Air       90%        N/A       1%          2
 Gell's Gravitas          Tloc           48%        N/A       1%          3
 Mephitic Cloud           Conj/Pois/Air  32%        N/A       1%          3
 Volatile Blastmotes      Fire/Tloc      54%        2d14      1%          3
 Passage of Golubria      Tloc           48%        N/A       1%          4
 Alistair's Intoxication  Tmut/Pois      29%        N/A       1%          5
 Shock                    Conj/Air       60%        1d6       3%          1
 Swiftness                Air            24%        N/A       3%          3
 Static Discharge         Conj/Air       30%        3-5/arc   4%          2
 Iskenderun's Mystic Bla  Conj/Tloc      27%        2d7       6%          4
 Airstrike                Air            12%        2d(2-18)  10%         4
 Eringya's Noxious Bog    Tmut/Pois      22%        4d6       10%         6
 Freeze                   Ice            24%        1d4       12%         1
 Kiss of Death            Conj/Necr      24%        2d7       12%         1
 Magic Dart               Conj           24%        1d4       12%         1
 Necrotise                Necr           24%        1d5       12%         1
 Slow                     Hex            24%        N/A       12%         1
 Call Imp                 Summ           12%        N/A       17%         2
 Ensorcelled Hibernation  Hex/Ice        12%        N/A       17%         2
 Jinxbite                 Hex            12%        N/A       17%         2
 Scorch                   Fire           12%        2d5       17%         2
 Searing Ray              Conj           12%        2d4       17%         2
 Summon Forest            Summ/Tloc      13%        N/A       19%         5
 Summon Lightning Spire   Summ/Air       15%        N/A       32%         4
 Confusing Touch          Hex            6%         N/A       34%         3
 Frozen Ramparts          Ice            12%        1d2       34%         3
 Inner Flame              Hex/Fire       6%         N/A       34%         3
 Ozocubu's Armour         Ice            6%         N/A       34%         3
 Summon Guardian Golem    Hex/Summ       6%         N/A       34%         3
 Tukima's Dance           Hex            6%         N/A       34%         3
 Leda's Liquefaction      Hex/Erth       3%         N/A       67%         4
 Arcjolt                  Conj/Air       7%         1d17      67%         5
 Silence                  Hex/Air        7%         N/A       67%         5
 Irradiate                Conj/Tmut      7%         3d14      71%         5
 Yara's Violent Unravell  Hex/Tmut       7%         3d5       71%         5
 Anguish                  Hex/Necr       3%         N/A       75%         4
 Animate Dead             Necr           6%         N/A       75%         4
 Cause Fear               Hex            3%         N/A       75%         4
 Dispel Undead            Necr           6%         3d8       75%         4
 Fulminant Prism          Conj/Hex       3%         3d5       75%         4
 Sticky Flame             Conj/Fire      6%         2d3       75%         4
 Summon Ice Beast         Ice/Summ       6%         N/A       75%         4
 Freezing Cloud           Conj/Ice/Air   6%         6-21      80%         5
 Disjunction              Tloc           24%        N/A       94%         8
 Borgnjor's Vile Clutch   Necr/Erth      3%         N/A       95%         5
 Fireball                 Conj/Fire      3%         3d4       97%         5
 Iskenderun's Battlesphe  Conj           6%         2d6       97%         5
 Metabolic Englaciation   Hex/Ice        3%         N/A       97%         5
 Summon Mana Viper        Hex/Summ       6%         N/A       97%         5
 Plasma Beam              Fire/Air       7%         2x1d18    99%         6
 Malign Gateway           Summ/Tloc      13%        N/A       99%         7
 Bombard                  Conj/Erth      3%         9d1       100%        6
 Death Channel            Necr           3%         N/A       100%        6
 Simulacrum               Ice/Necr       3%         N/A       100%        6
 Starburst                Conj/Fire      3%         6d3       100%        6
 Summon Cactus Giant      Summ           3%         N/A       100%        6
 Enfeeble                 Hex            3%         N/A       100%        7
 Haunt                    Necr/Summ      3%         N/A       100%        7
 Monstrous Menagerie      Summ           3%         N/A       100%        7
 Orb of Destruction       Conj           3%         9d5       100%        7
 Ozocubu's Refrigeration  Ice            3%         4d8       100%        7
 Spellforged Servitor     Conj/Summ      3%         N/A       100%        7
 Ignition                 Fire           3%         3d4       100%        8
 Infestation              Necr           3%         N/A       100%        8
 Lehudib's Crystal Spear  Conj/Erth      3%         10d3      100%        8
 Summon Horrible Things   Summ           3%         N/A       100%        8
 Dragon's Call            Summ           3%         N/A       100%        9
 Polar Vortex             Ice            3%         N/A       100%        9
 Animate Armour           Summ/Erth      Unusable   N/A       N/A         4

Dungeon Overview and Level Annotations

Branches:
Dungeon (15/15)            Temple (0/1) D:6            Lair (5/5) D:8
  Swamp (4/4) Lair:2        Snake (4/4) Lair:3        Slime (0/5) Lair:5
    Orc (2/2) D:12            Elf (3/3) Orc:2        Vaults (5/5) D:14
  Crypt (0/3) Vaults:2     Depths (4/4) D:15            Zot (5/5) Depths:4
Ossuary (visited)

Altars:
Dithmenos
Elyvilon
Fedhas
Makhleb
Okawaru
Ru
Sif Muna
Trog
Vehumet
Xom
Zin
The Shining One

Shops:
D:6 [   D:8 (   D:9 (:=   D:15 :   Orc:2 [[[=   Elf:3 ?   Snake:4 =
Vaults:1 =(=?   Vaults:2 *   Vaults:5 :!!   Depths:1 ?(

Portals:
Hell: Depths:1 Depths:2 Depths:3 Depths:4
Abyss: Depths:3
Pandemonium: Depths:1 Depths:2 Depths:4
Ziggurat: Depths:4
Trove: D:11 (give 10 potions of heal wounds)

Annotations:
D:4 Dowan, Duvessa
D:9 exclusion: orange crystal statue
Lair:4 2 transporters, Tinttamiau's ghost, journeyman TrDe
Lair:5 2 exclusions
Swamp:4 3 runed translucent doors, exclusion: door, Gaxiaska's ghost, adept TrDe; Talonman3's ghost, adept DrCj; ongoing's ghost, adept BaHu
Vaults:4 3 runed translucent doors, exclusion: door, deprived's ghost, veteran HOFi
Zot:1 exclusion: orb of fire
Zot:5 2 exclusions


Innate Abilities, Weirdness & Mutations

You are a living statue of rough stone.
Your actions are slow, but your melee attacks are powerful.
You are resistant to unholy torment.
Your maximum health is greatly increased.
You are immune to poison.
You have sharp claws.
You have razor-sharp teeth.
You have supernaturally acute eyesight. (SInv)
((You cover ground quickly. (Speed+)))
((Your thick and shaggy fur keeps you warm. (AC +3, rC+)))
Your paws help you pounce on unaware monsters.
You are incapable of wielding weapons or throwing items.
You cannot wear armour.
You gain extra lives every three experience levels.
((You are completely covered in iridescent scales. (AC +6)))
You are agile. (Dex +4, Str/Int -1)
You possess an exceptional clarity of mind.
You occasionally lose the ability to read scrolls when taking damage.
You expend magic power (3 MP) to strengthen your wands.


Message History

There is a stone staircase leading down here.
There is a stone staircase leading up here.
You climb upwards.
There is a stone staircase leading down here.
A Lodeluaj and a rust devil come into view.
Lodeluaj shouts, "Relinquish hope, thou obnoxious beef-witted gonus!"
The rust devil screeches!
Unknown command.
Unknown command.
Unknown command.
Casting: Vhi's Electric Charge (mildly dangerous; 1% risk of failure)
Confirm with . or Enter, or press ? or * to list all spells.
Aiming: Passwall (safe; 4% risk of failure)
Press: ? - help, Dir - move target A rock wall.
This square is covered in magical glow.
You begin to meditate on the wall.
You continue meditating on the rock.
You are engulfed in freezing vapours.
You resist. Lodeluaj hits you!!
You feel your power leaking away.
The lich is engulfed in freezing vapours.
Lodeluaj hits you but does no damage.
The lich mumbles some strange words.
The lich seems to speed up.
You hear a shout!
You continue meditating on the rock.
Lodeluaj completely misses you. x2
The rust devil is engulfed in freezing vapours.
You finish merging with the rock.
There is a stone staircase leading up here.
You climb upwards.
Level annotation: Dowan, Duvessa
There is a stone staircase leading down here.
(D) Dungeon (T) Temple (L) Lair (S) Swamp (P) Snake Pit (M) Slime Pits (O) Orcish Mines (E) Elven Halls (V) Vaults (C) Crypt (U) Depths (H) Hell (Z) Zot
Where to? (Tab/Enter - D:1 @ (x,y), ? - help) HP restored.
A Brimstone Fiend comes into view.
Charge where?
Press: ? - help, Q - select action, (/) - cycle Dir - move target, f - Brimstone Fiend
Aim: a Brimstone Fiend (95% to hit)
You miscast Vhi's Electric Charge.
You are very lightly contaminated with residual magic.
Nothing appears to happen.
Charge where?
Press: ? - help, Q - select action, (/) - cycle Dir - move target, f/p - Brimstone Fiend
Aim: a Brimstone Fiend (95% to hit)
You charge forward with an electric crackle!
You claw the Brimstone Fiend and electrocute it!
You claw the Brimstone Fiend!
The Brimstone Fiend is moderately wounded.
The Brimstone Fiend completely misses you.
The Brimstone Fiend misses you. x2
You eviscerate the Brimstone Fiend!!!
The Brimstone Fiend is almost dead.
The Brimstone Fiend calls on the powers of darkness!
Your body is wracked with pain!
You eviscerate the Brimstone Fiend!!!
You kill the Brimstone Fiend!
No target in view!
(D) Dungeon (T) Temple (L) Lair (S) Swamp (P) Snake Pit (M) Slime Pits (O) Orcish Mines (E) Elven Halls (V) Vaults (C) Crypt (U) Depths (H) Hell (Z) Zot
Where to? (Tab/Enter - D:1 @ (x,y), ? - help)
Your magical contamination has completely faded away.
There is an open door here.
You see here a scroll of noise.
You open the door.
There is an open door here.
There is a stone staircase leading up here.
You climb upwards.
There is a stone staircase leading down here.
HP restored.
There is a stone staircase leading up here.
You climb upwards.
There is a stone staircase leading down here.
Magic restored.
There is a stone staircase leading up here.
You climb upwards.
There is a stone staircase leading down here.
You see here a +0 dagger.
The naga shouts!
The formicid shouts!
There is an open door here.
The demonspawn shouts!
The orc shouts!
The formicid shouts!
The vine stalker shouts!
The minotaur bellows!
The troll shouts!
The draconian roars!
The elf shouts!
The spriggan shouts!
The human shouts!
There is an open door here.
There is a staircase leading out of the dungeon here.
Unknown command.
Unknown command.
Unknown command.
You have escaped!

###.###
#p#.#i#
###.###
#V#.#p#
###.###
#x#.#p#
###'###
#...#
#.8.#
#####


There were no monsters in sight!

Vanquished Creatures
  Mennas (Vaults:2)
  An orb of fire (Zot:1)
  2 juggernauts
  An ancient lich (Vaults:5)
  The ghost of Tang the Slayer, a master DsGl of Makhleb (Vaults:2)
  A Killer Klown (Zot:5)
  Saint Roka (Depths:4)
  A curse toe (Zot:3)
  6 golden dragons
  2 bone dragons
  Jory (Vaults:5)
  A profane servitor (Abyss:3)
  2 Tzitzimimeh (Depths:3)
  An electric golem (Zot:1)
  Jorgrun (Swamp:1)
  Asterion (Vaults:2)
  A Brimstone Fiend (D:4)
  A walking crystal tome (Depths:4)
  2 deep elf master archers (Elf:3)
  4 titans (Vaults:5)
  5 liches
  A walking earthen tome (Depths:1)
  14 tentacled monstrosities
  8 Orb Guardians
  A walking frostbound tome (Depths:4)
  6 quicksilver dragons
  Frances (D:14)
  3 deep elf blademasters
  2 death cobs
  A tentacled starspawn (Abyss:3)
  Agnes (D:15)
  A thorn hunter (Swamp:4)
  9 shadow dragons
  8 sphinxes
  4 tengu reavers
  10 storm dragons
  A draconian monk (Zot:5)
  2 azure jellies (Elf:2)
  Roxanne (Snake:2)
  3 fire giants
  A draconian knight (Zot:1)
  9 nagarajas (Snake:4)
  A fenstrider witch (shapeshifter) (Vaults:2)
  13 frost giants
  5 deep elf sorcerers
  An iron dragon (Vaults:5)
  Louise (Snake:3)
  19 vault wardens
  2 draconian scorchers
  A cacodemon (Depths:1)
  4 orc warlords
  6 draconian shifters
  2 draconian stormcallers
  4 deep elf elementalists (Elf:3)
  A spriggan defender (Depths:2)
  19 ironbound preservers
  4 formless jellyfish
  30 very ugly things
  2 ghouls (Swamp:2)
  22 stone giants
  4 war gargoyles (Vaults:5)
  2 draconian annihilators
  6 ironbound thunderhulks
  5 deep elf annihilators
  3 eleionomae
  A bunyip (Swamp:4)
  A green draconian (Zot:1)
  5 black draconians
  A yellow draconian (Zot:5)
  2 vampire knights (Depths:1)
  8 deep elf demonologists
  Azrael (D:12)
  5 red draconians
  16 dire elephants
  5 purple draconians
  14 spark wasps
  2 green deaths
  4 white draconians
  A blizzard demon (Depths:4)
  An eidolon (Elf:2)
  15 ettins
  2 crystal guardians (Vaults:4)
  8 deep elf death magi
  3 deep elf high priests
  9 great orbs of eyes
  7 fire dragons
  A rakshasa (D:15)
  10 yaktaur captains
  21 hydras
  A catoblepas (Lair:4)
  7 spriggan air magi
  2 ogre magi (Orc:2)
  A juggernaut simulacrum (Elf:2)
  A peacekeeper (Vaults:4)
  2 salamander tyrants
  3 ghost crabs (Elf:2)
  6 ice dragons
  9 centaur warriors
  10 anacondas
  A death knight (D:15)
  8 ironbound frosthearts
  36 vault guards
  A hell beast (Depths:4)
  A deep troll shaman (Depths:3)
  21 dancing weapons
  13 two-headed ogres
  10 alligators
  A sphinx skeleton (Elf:2)
  7 tengu warriors
  3 boulder beetles
  2 satyrs
  22 naga warriors
  2 hell hogs
  A death yak (Lair:4)
  5 deep troll earth magi
  2 occultists
  7 hell knights
  A vampire mage (Vaults:2)
  2 orc high priests (Orc:2)
  11 shock serpents
  Urug (D:13)
  8 spriggan berserkers
  18 naga sharpshooters
  6 soul eaters
  16 deep elf knights
  2 iron trolls (Depths:2)
  A titan skeleton (Elf:2)
  A wretched star (Abyss:3)
  3 sixfirhies
  A skyshark (Lair:4)
  4 salamander mystics
  A shadow wraith (Vaults:5)
  A sea snake (Elf:2)
  2 goliath frogs (Swamp:2)
  Lodul (D:12)
  6 skeletal warriors
  10 swamp dragons
  2 death drakes
  3 bog bodies
  12 deep elf archers
  45 deep trolls
  3 glowing orange brains
  8 arcanists
  14 ironbound convokers
  4 phantasmal warriors (Vaults:5)
  6 lindwurms
  7 harpies
  8 naga ritualists
  A harpy (shapeshifter) (Zot:5)
  32 deep elf pyromancers
  5 necromancers
  10 orc knights
  A sphinx simulacrum (Elf:2)
  27 deep elf zephyrmancers
  Pikel (D:7)
  11 mana vipers
  5 orc sorcerers
  2 starcursed masses (Abyss:3)
  15 salamanders
  A mana viper (shapeshifter) (Elf:3)
  11 manticores
  6 cyclopes
  9 will-o-the-wisps
  A cyclops (shapeshifter) (D:13)
  A tengu skeleton (Elf:2)
  2 worldbinders (Elf:2)
  17 moths of wrath
  A shining eye (shapeshifter) (Depths:1)
  41 ugly things
  Joseph (D:8)
  38 black mambas
  13 elephants
  Maurice (D:12)
  2 ice statues (Elf:2)
  4 guardian serpents
  A rust devil (D:11)
  4 smoke demons
  11 naga magi
  A torpor snail (Lair:4)
  2 centaur skeletons (D:15)
  2 gargoyles (D:13)
  A cane toad (shapeshifter) (Swamp:3)
  23 vault sentinels
  2 molten gargoyles (Depths:2)
  3 hellions
  Maggie (D:7)
  4 cane toads
  A komodo dragon (shapeshifter) (Swamp:4)
  3 rime drakes
  A kobold demonologist (D:11)
  23 yaktaurs
  2 ice devils (D:10)
  6 freezing wraiths
  14 komodo dragons
  An unseen horror (D:12)
  Psyche (D:8)
  3 tengu conjurers
  An anaconda simulacrum (Elf:2)
  3 polar bears
  2 red devils (D:10)
  A wind drake (Vaults:2)
  2 wind drakes (shapeshifter)
  6 tyrant leeches
  2 tarantellas
  18 hornets
  11 trolls
  A shadow dragon simulacrum (Vaults:2)
  A blink frog (shapeshifter) (Elf:2)
  3 glass eyes
  20 dream sheep
  6 blink frogs (Lair:4)
  5 large abominations
  2 raiju
  7 slime creatures
  A shadow (D:11)
  4 air elementals
  A slime creature (shapeshifter) (Depths:1)
  2 ynoxinuls
  5 vampires
  3 flying skulls (Abyss:3)
  15 spriggans
  7 water elementals
  6 wyverns
  6 wraiths
  35 yaks
  A yak (shapeshifter) (Vaults:5)
  5 fire elementals
  2 basilisks
  An elf skeleton (Vaults:2)
  A human (shapeshifter) (Vaults:3)
  4 steam dragons
  3 neqoxecs (Abyss:3)
  3 redbacks (Elf:2)
  A harpy simulacrum (Elf:2)
  14 vampire mosquitoes
  18 swamp worms
  65 nagas
  A water moccasin (shapeshifter) (Vaults:5)
  5 wargs
  2 acid dragons
  4 small abominations
  8 hydra simulacra (Depths:2)
  8 hell hounds
  11 water moccasins
  40 orc warriors
  2 sky beasts
  9 swamp drakes
  A black bear (D:6)
  2 ice beasts (D:8)
  32 ogres
  3 black mamba simulacra (Elf:2)
  10 boggarts
  A fire dragon simulacrum (Elf:2)
  12 centaurs
  9 wolves
  An elf simulacrum (Vaults:2)
  8 kobold brigands
  9 bullfrogs
  4 gnoll sergeants
  An earth elemental (Elf:2)
  2 necrophages (Swamp:2)
  A glowing shapeshifter simulacrum (Elf:2)
  9 scorpions
  A human skeleton (Vaults:2)
  18 wights
  19 killer bees
  2 elephant simulacra (Elf:2)
  7 howler monkeys
  A crimson imp (D:10)
  2 centaur zombies (Ossuary)
  A quasit (D:10)
  2 jellies
  2 human zombies (Ossuary)
  26 orc priests
  7 hounds
  Jessica (D:2)
  3 iguanas
  A scorpion zombie (Ossuary)
  4 lightning spires (Elf:2)
  A sleepcap (D:8)
  18 orc wizards
  A boggart skeleton (D:15)
  2 mummies (Ossuary)
  17 gnolls
  10 adders
  3 white imps
  2 ufetubi
  4 worms
  A dart slug (D:4)
  99 orcs
  6 endoplasms
  6 giant cockroaches
  12 goblins
  6 hobgoblins
  2 jackals
  3 quokkas
  4 ball pythons
  8 bats
  2 frilled lizards
  3 gnoll zombies
  6 hobgoblin zombies (Ossuary)
  44 kobolds
  2 kobold zombies (Ossuary)
  3 orc zombies (Ossuary)
  5 rats
2042 creatures vanquished.

Vanquished Creatures (collateral kills)
  A deep elf sorcerer (Elf:3)
  An ironbound thunderhulk (Vaults:2)
  A dire elephant (Vaults:2)
  A yaktaur captain (Vaults:3)
  An entropy weaver (Vaults:3)
  A vault guard (Vaults:3)
  A hell hog (Depths:2)
  A deep elf knight (Elf:2)
  A salamander mystic (Snake:4)
  A skyshark (Lair:5)
  A deep troll (Vaults:3)
  A deep elf pyromancer (Elf:1)
  A salamander (Snake:4)
  2 ugly things
  A naga mage (Snake:4)
  A yaktaur (Vaults:2)
  A dream sheep (Lair:3)
  A vampire (Vaults:2)
  4 yaks (D:8)
  An ice beast (D:7)
  A wolf (Lair:1)
  2 ogres
  A centaur zombie (Ossuary)
  A scorpion zombie (Ossuary)
  5 orcs
  2 goblins (D:7)
  A gnoll zombie (Ossuary)
  4 kobolds (D:7)
  A starspawn tentacle (Abyss:3)
42 creatures vanquished.

Vanquished Creatures (others)
  A tentacled monstrosity (Vaults:5)
  A lich (Abyss:3)
  A storm dragon (Zot:3)
  A vault warden (Vaults:2)
  A vault guard (Vaults:5)
  A great orb of eyes (Elf:2)
  A dancing weapon (Vaults:2)
  A naga warrior (Snake:4)
  A spriggan berserker (Depths:4)
  2 deep elf knights
  A shock serpent (Snake:3)
  A deep troll (Vaults:2)
  2 lindwurms (Swamp:4)
  3 deep elf pyromancers
  An unseen horror (Abyss:3)
  A yaktaur (Vaults:5)
  A bloated husk (Swamp:2)
  A raiju (Elf:2)
  A water elemental (Depths:2)
  A small abomination (Elf:2)
  2 golden eyes (Elf:2)
  3 swamp drakes
  3 ball lightnings (Elf:2)
  63 foxfires
  2 starspawn tentacles (Abyss:3)
97 creatures vanquished.

Grand Total: 2181 creatures vanquished

Notes
Turn   | Place    | Note
-------+----------+-------------------------------------------
     0 | D:1      | EnegeticOcto the Felid Chaos Knight began the quest for the
                  | Orb.
     0 | D:1      | Reached XP level 1. HP: 10/10 MP: 2/2
     1 | D:1      | Noticed a human
     2 | D:1      | Noticed an octopode
     4 | D:1      | Noticed a vampire
     4 | D:1      | Noticed a demigod
     6 | D:1      | Noticed a meteoran
     6 | D:1      | Noticed a spriggan
     8 | D:1      | Noticed a naga
     8 | D:1      | Noticed an elf
    10 | D:1      | Noticed a ghoul
    10 | D:1      | Noticed an ogre
    12 | D:1      | Noticed a draconian
    12 | D:1      | Noticed a troll
    14 | D:1      | Noticed a merfolk
    14 | D:1      | Noticed a minotaur
    16 | D:1      | Noticed a gargoyle
    16 | D:1      | Noticed a vine stalker
    18 | D:1      | Noticed a formicid
    20 | D:1      | Noticed a tengu
    20 | D:1      | Noticed an armataur
    22 | D:1      | Noticed a felid
    24 | D:1      | Noticed a demonspawn
    24 | D:1      | Noticed an armataur
    26 | D:1      | Noticed a naga
    26 | D:1      | Noticed a formicid
    48 | D:1      | Reached skill level 1 in Stealth
   249 | D:1      | Reached skill level 2 in Stealth
   389 | D:1      | XOM: potion effect (haste)
   404 | D:1      | Reached XP level 2. HP: 14/14 MP: 3/3
   528 | D:1      | Reached skill level 3 in Stealth
   638 | D:1      | XOM: silly message
   865 | D:2      | Reached XP level 3. HP: 5/17 MP: 4/4
   871 | D:2      | XOM: silly message
   930 | D:2      | Found a faded altar of an unknown god.
   978 | D:2      | Found a burning altar of Makhleb.
   979 | D:2      | Noticed Jessica
  1201 | D:2      | XOM: silly message
  1356 | D:2      | XOM: silly message
  1430 | D:3      | Reached skill level 4 in Dodging
  1492 | D:2      | Slain by an orc
  1563 | D:2      | XOM: god gift: book of Death
  2068 | D:3      | Learned a level 1 spell: Sting
  2185 | D:3      | Reached XP level 4. HP: 21/21 MP: 5/5
  2220 | D:3      | XOM: cloud trail
  2311 | D:3      | Reached skill level 1 in Transmutations
  2375 | D:3      | XOM: god gift: 45 gold pieces
  2400 | D:3      | XOM: give mutation
  2400 | D:3      | Gained mutation: You have a pair of small antennae on your
                  | head. [Xom's mischief]
  2480 | D:3      | XOM: divination: detect items
  2493 | D:3      | XOM: give mutations
  2493 | D:3      | Gained mutation: Your muscles are strong. (Str +4, Int/Dex
                  | -1) [Xom's mischief]
  2493 | D:3      | Gained mutation: You are frail. (-10% HP) [Xom's mischief]
  2493 | D:3      | Gained mutation: You have a pair of antennae on your head.
                  | [Xom's mischief]
  2493 | D:3      | Gained mutation: You are agile. (Dex +4, Str/Int -1) [Xom's
                  | mischief]
  2545 | D:3      | Noticed a kobold brigand
  2567 | D:3      | Killed a kobold brigand
  2568 | D:3      | Reached skill level 2 in Transmutations
  2568 | D:3      | Reached skill level 1 in Poison Magic
  2568 | D:3      | Reached XP level 5. HP: 21/21 MP: 6/6
  2721 | D:3      | XOM: god gift: ancient jade ring {god gift}
  2721 | D:3      | Identified the ring "Abbu" {Wiz Int+3} (Xom gifted it to
                  | you on level 3 of the Dungeon)
  3152 | D:3      | Reached skill level 3 in Transmutations
  3170 | D:3      | Reached skill level 2 in Poison Magic
  3228 | D:3      | XOM: 3-stop teleportation journey
  3353 | D:3      | XOM: 2-stop teleportation journey
  3704 | D:2      | XOM: cast spell 'Summon Hydra'
  3746 | D:2      | Learned a level 2 spell: Poisonous Vapours
  4100 | D:4      | XOM: give mutations
  4100 | D:4      | Gained mutation: You have hidden genetic potential. [Xom's
                  | grace]
  4100 | D:4      | Gained mutation: Your spells are a little harder to cast,
                  | but a little more powerful. [Xom's grace]
  4186 | D:4      | XOM is BORED!
  4186 | D:4      | XOM: stat loss: -1 Int (14/15)
  4352 | D:4      | Noticed an ogre
  4372 | D:4      | XOM: blink monster(s)
  4395 | D:4      | Killed an ogre
  4396 | D:4      | Gained mutation: You are covered in thick fur. (AC +2)
                  | [Felid growth]
  4396 | D:4      | Reached XP level 6. HP: 16/25 MP: 0/8
  4523 | D:4      | XOM: enchant monster (bad)
  4538 | D:4      | Reached skill level 1 in Spellcasting
  4538 | D:4      | Reached skill level 1 in Air Magic
  4540 | D:4      | Gained mutation: Your flesh is cold resistant. (rC+)
                  | [hidden potential]
  4701 | D:4      | XOM: confuse monster(s)
  4783 | D:4      | Reached skill level 3 in Poison Magic
  4980 | D:4      | Noticed Duvessa
  4980 | D:4      | Noticed Dowan
  5215 | D:4      | Reached skill level 4 in Fighting
  5368 | D:4      | Reached XP level 7. HP: 28/28 MP: 4/9
  5458 | D:5      | Entered Level 5 of the Dungeon
  5639 | D:5      | XOM: give mutations
  5639 | D:5      | Lost mutation: You have a pair of antennae on your head.
                  | [Xom's mischief]
  5639 | D:5      | Gained mutation: You occasionally lose the ability to read
                  | scrolls when taking damage. [Xom's mischief]
  5682 | D:5      | XOM: torment (15/28 hp)
  5697 | D:5      | XOM: chaos upgrade
  5715 | D:5      | Gained mutation: You passively dampen the noise of your
                  | surroundings. [hidden potential]
  5715 | D:5      | Lost mutation: You have hidden genetic potential. [hidden
                  | potential expressed]
  5821 | D:5      | Found a sand-covered staircase.
  5832 | Ossuary  | Entered an ossuary
  5845 | Ossuary  | Reached skill level 1 in Evocations
  5903 | Ossuary  | XOM: noise
  6009 | Ossuary  | Reached skill level 5 in Dodging
  6009 | Ossuary  | Reached skill level 4 in Stealth
  6078 | Ossuary  | Reached skill level 2 in Spellcasting
  6078 | Ossuary  | Reached skill level 2 in Evocations
  6228 | Ossuary  | XOM: confusion
  6395 | Ossuary  | Reached skill level 4 in Poison Magic
  6395 | Ossuary  | Reached XP level 8. HP: 32/32 MP: 5/12
  6404 | Ossuary  | Learned a level 4 spell: Olgreb's Toxic Radiance
  6408 | Ossuary  | Learned a level 3 spell: Ignite Poison
  6464 | Ossuary  | XOM: confusion
  6492 | Ossuary  | XOM: summons friendly iron imp
  6511 | Ossuary  | Reached skill level 5 in Stealth
  6527 | Ossuary  | XOM: stat loss: -1 Str (10/11)
  6635 | Ossuary  | Reached skill level 5 in Fighting
  6635 | Ossuary  | Reached skill level 3 in Evocations
  6647 | Ossuary  | XOM is BORED!
  6647 | Ossuary  | XOM: summons 5 hostile demons
  6648 | Ossuary  | Noticed a soul eater
  6648 | Ossuary  | Noticed a rust devil
  6671 | Ossuary  | XOM: give mutations
  6671 | Ossuary  | Gained mutation: You passively map a small area around you.
                  | [Xom's grace]
  6671 | Ossuary  | Gained mutation: You have very sharp fingernails. [Xom's
                  | grace]
  6671 | Ossuary  | Gained mutation: You are strong-willed. (Will+) [Xom's
                  | grace]
  6735 | D:5      | XOM: polymorph ice beast -> scorpion
  6762 | D:4      | XOM: scenery: 2 doors close
  6962 | D:5      | XOM: 2-stop teleportation journey
  7021 | D:5      | Reached skill level 3 in Spellcasting
  7037 | D:5      | XOM: summons 8 friendly demons
  7083 | D:5      | Reached skill level 6 in Stealth
  7139 | D:5      | XOM: scenery: create altars
  7254 | D:5      | XOM: give mutations
  7254 | D:5      | Gained mutation: You have claws for hands. [Xom's grace]
  7254 | D:5      | Gained mutation: You expend magic power (3 MP) to
                  | strengthen your wands. [Xom's grace]
  7369 | D:5      | Lost mutation: You have claws for hands. [potion of
                  | mutation]
  7369 | D:5      | Lost mutation: You passively map a small area around you.
                  | [potion of mutation]
  7369 | D:5      | Lost mutation: You expend magic power (3 MP) to strengthen
                  | your wands. [potion of mutation]
  7369 | D:5      | Lost mutation: Your spells are a little harder to cast, but
                  | a little more powerful. [potion of mutation]
  7369 | D:5      | Gained mutation: You are highly strong-willed. (Will++)
                  | [potion of mutation]
  7439 | D:6      | Found a staircase to the Ecumenical Temple.
  7450 | D:6      | Reached skill level 2 in Air Magic
  7450 | D:6      | Reached skill level 4 in Evocations
  7560 | D:6      | Found Gitsire's Antique Armour Shop.
  7591 | D:6      | XOM: polymorph orc warrior -> swamp drake
  7592 | D:6      | XOM: cleaving
  7684 | D:6      | Reached skill level 5 in Poison Magic
  7774 | D:6      | Reached skill level 4 in Spellcasting
  7919 | D:6      | XOM: confuse monster(s)
  7925 | D:6      | Reached XP level 9. HP: 36/36 MP: 14/16
  7930 | D:6      | XOM: confuse monster(s)
  7951 | D:6      | XOM: summons friendly crimson imp
  7989 | D:6      | Reached skill level 6 in Poison Magic
  8032 | D:6      | XOM: confuse monster(s)
  8685 | D:6      | Reached skill level 7 in Poison Magic
  8950 | D:2      | Killed Jessica
  9150 | D:7      | Noticed Maggie
  9159 | D:7      | Killed Maggie
  9252 | D:7      | Reached skill level 8 in Poison Magic
  9288 | D:7      | XOM: cast spell 'Monstrous Menagerie'
  9616 | D:7      | XOM: confusion (+ monsters)
  9618 | D:7      | Noticed Pikel
  9632 | D:7      | Killed Pikel
  9633 | D:7      | Reached skill level 6 in Dodging
  9746 | D:7      | XOM: confuse monster(s)
  9753 | D:7      | Reached XP level 10. HP: 38/39 MP: 13/17
  9761 | D:7      | XOM: divination: detect creatures
  9957 | D:7      | Reached skill level 6 in Fighting
 10205 | D:7      | Found an iron altar of Okawaru.
 10260 | D:8      | XOM: summons friendly shadow imp
 10381 | D:8      | XOM: potion effect (experience)
 10381 | D:8      | Reached skill level 11 in Fighting
 10381 | D:8      | Reached XP level 11. HP: 51/51 MP: 18/18
 10383 | D:8      | XOM: enchant monster (good)
 10519 | D:8      | XOM: cast spell 'Discord'
 10521 | D:8      | Reached skill level 7 in Dodging
 10577 | D:7      | XOM: potion effect (haste)
 10783 | D:8      | Reached skill level 9 in Poison Magic
 10785 | D:8      | XOM: cast spell 'Summon Cactus Giant'
 10822 | D:8      | Reached skill level 8 in Dodging
 10826 | D:8      | Found a staircase to the Lair.
 10912 | D:8      | XOM: summons friendly shadow imp
 10930 | D:8      | XOM: divination: detect creatures
 11038 | D:8      | Noticed Joseph
 11042 | D:8      | Killed Joseph
 11135 | D:8      | Noticed Psyche
 11143 | D:8      | Killed Psyche
 11274 | D:8      | Found Gerphud's Antique Weapon Boutique.
 11419 | D:8      | XOM: scenery: create altars
 11504 | D:8      | XOM: give mutations
 11504 | D:8      | Gained mutation: You are somewhat resistant to further
                  | mutation. [Xom's grace]
 11504 | D:8      | Gained mutation: You are partially covered in large bone
                  | plates. (SH +4) [Xom's grace]
 11504 | D:8      | Gained mutation: Your muscles are very strong. (Str +8,
                  | Int/Dex -2) [Xom's grace]
 11504 | D:8      | Gained mutation: Your flesh is heat resistant. (rF+) [Xom's
                  | grace]
 11574 | D:8      | Reached skill level 9 in Dodging
 11697 | D:8      | XOM: summons 4 hostile demons
 11735 | D:8      | Noticed a two-headed ogre
 11758 | D:8      | Killed a two-headed ogre
 11759 | D:8      | Reached skill level 10 in Poison Magic
 11844 | D:8      | XOM: stat loss: -1 Int (13/14)
 11856 | D:8      | Reached skill level 4 in Unarmed Combat
 11890 | D:8      | XOM: give mutations
 11890 | D:8      | Lost mutation: You have very sharp fingernails. [Xom's
                  | mischief]
 11890 | D:8      | Lost mutation: You are somewhat resistant to further
                  | mutation. [Xom's mischief]
 11890 | D:8      | Gained mutation: Your body sometimes deteriorates upon
                  | taking damage. [Xom's mischief]
 11890 | D:8      | Lost mutation: You occasionally lose the ability to read
                  | scrolls when taking damage. [Xom's mischief]
 12008 | D:8      | Identified the +1 robe of the Skies Above {rElec rF+ Will+}
 12060 | D:8      | XOM: enchant monster (good)
 12210 | D:9      | XOM: give mutations
 12210 | D:9      | Lost mutation: Your body sometimes deteriorates upon taking
                  | damage. [Xom's mischief]
 12210 | D:9      | Lost mutation: You are frail. (-10% HP) [Xom's mischief]
 12210 | D:9      | Lost mutation: You passively dampen the noise of your
                  | surroundings. [Xom's mischief]
 12210 | D:9      | Lost mutation: You are agile. (Dex +4, Str/Int -1) [Xom's
                  | mischief]
 12323 | D:9      | XOM: god gift: 570 gold pieces
 12357 | D:9      | XOM: give mutations
 12357 | D:9      | Gained mutation: You are extremely strong-willed. (Will+++)
                  | [Xom's grace]
 12357 | D:9      | Gained mutation: You are partially covered in iridescent
                  | scales. (AC +2) [Xom's grace]
 12357 | D:9      | Gained mutation: Your mind is acute. (Int +4, Str/Dex -1)
                  | [Xom's grace]
 12357 | D:9      | Gained mutation: You are mostly covered in iridescent
                  | scales. (AC +4) [Xom's grace]
 12721 | D:9      | Found Yrche Noe's Weapon Shoppe.
 12956 | D:9      | Noticed an orange crystal statue
 12989 | D:9      | Reached skill level 4 in Transmutations
 13124 | D:9      | Found Xomon's Jewellery Shop.
 13179 | D:9      | Found Ozxonull's Book Boutique.
 13269 | D:9      | XOM is BORED!
 13269 | D:9      | XOM: give mutations
 13269 | D:9      | Gained mutation: Your magical capacity is low. (-10% MP)
                  | [Xom's mischief]
 13269 | D:9      | Lost mutation: Your muscles are very strong. (Str +8,
                  | Int/Dex -2) [Xom's mischief]
 13346 | D:9      | XOM: give mutations
 13346 | D:9      | Lost mutation: Your mind is acute. (Int +4, Str/Dex -1)
                  | [Xom's mischief]
 13346 | D:9      | Gained mutation: Your mind is acute. (Int +4, Str/Dex -1)
                  | [Xom's mischief]
 13350 | D:9      | Gained mutation: Your thick and shaggy fur keeps you warm.
                  | (AC +3, rC+) [Felid growth]
 13350 | D:9      | Reached XP level 12. HP: 60/60 MP: 3/18
 13809 | D:10     | Entered Level 10 of the Dungeon
 13813 | D:10     | Reached skill level 10 in Dodging
 13813 | D:10     | Reached skill level 5 in Spellcasting
 13874 | D:10     | Reached skill level 5 in Unarmed Combat
 13909 | D:10     | XOM: 1-stop teleportation journey
 14062 | D:10     | XOM: polymorph quasit -> crimson imp
 14071 | D:10     | XOM: enchant monster (bad)
 14286 | D:10     | Learned a level 4 spell: Petrify
 14359 | D:10     | Found a shimmering altar of Xom.
 14359 | D:10     | Found a radiant altar of Vehumet.
 14395 | D:10     | Found a glowing golden altar of the Shining One.
 14477 | D:10     | Found a glowing silver altar of Zin.
 14477 | D:10     | Found a burning altar of Makhleb.
 14576 | D:10     | XOM: chaos upgrade
 14655 | D:10     | Reached skill level 5 in Transmutations
 14878 | D:10     | XOM: confusion
 14887 | D:10     | XOM: blink monster(s)
 14986 | D:10     | XOM: give mutations
 14986 | D:10     | Lost mutation: Your muscles are strong. (Str +4, Int/Dex
                  | -1) [Xom's mischief]
 14986 | D:10     | Lost mutation: You have a pair of small antennae on your
                  | head. [Xom's mischief]
 14986 | D:10     | Gained mutation: Your muscles are strong. (Str +4, Int/Dex
                  | -1) [Xom's mischief]
 14986 | D:10     | Lost mutation: Your flesh is cold resistant. (rC+) [Xom's
                  | mischief]
 15047 | D:10     | XOM: noise
 15050 | D:10     | XOM: potion effect (brilliance)
 15090 | D:10     | XOM: divination: detect items
 15414 | D:10     | XOM: smoke on damage
 15415 | D:10     | XOM: confuse monster(s)
 15423 | D:10     | Reached skill level 1 in Earth Magic
 15518 | D:9      | XOM: draining
 15533 | D:9      | Bought a granite talisman for 900 gold pieces
 15586 | Lair:1   | Entered Level 1 of the Lair of Beasts
 15587 | Lair:1   | XOM: snakes to sticks
 15656 | Lair:1   | Reached skill level 1 in Shapeshifting
 15724 | Lair:1   | XOM: 1-stop teleportation journey
 15729 | Lair:1   | Reached skill level 2 in Shapeshifting
 15730 | Lair:1   | Reached skill level 3 in Shapeshifting
 15739 | Lair:1   | Reached skill level 4 in Shapeshifting
 15743 | Lair:1   | XOM: cast spell 'Summon Hydra'
 15962 | Lair:1   | XOM: god gift: potion of mutation
 15982 | Lair:1   | Reached skill level 5 in Shapeshifting
 16294 | Lair:1   | Reached skill level 6 in Shapeshifting
 16481 | Lair:1   | Reached skill level 7 in Shapeshifting
 16610 | Lair:1   | XOM: god gift: 21 gold pieces
 16710 | Lair:1   | XOM is BORED!
 17672 | Lair:2   | XOM: divination: detect items
 17680 | Lair:2   | XOM: stat loss: -1 Dex (17/18)
 17685 | Lair:2   | Noticed an eight-headed hydra
 17846 | Lair:2   | Killed an eight-headed hydra
 17847 | Lair:2   | Reached skill level 8 in Shapeshifting
 18070 | Lair:2   | XOM: give mutations
 18070 | Lair:2   | Lost mutation: Your magical capacity is low. (-10% MP)
                  | [Xom's mischief]
 18070 | Lair:2   | Lost mutation: Your mind is acute. (Int +4, Str/Dex -1)
                  | [Xom's mischief]
 18107 | Lair:2   | XOM: give mutations
 18107 | Lair:2   | Lost mutation: Your muscles are strong. (Str +4, Int/Dex
                  | -1) [Xom's mischief]
 18107 | Lair:2   | Lost mutation: You are extremely strong-willed. (Will+++)
                  | [Xom's mischief]
 18138 | Lair:2   | XOM: stat loss: -1 Dex (19/20)
 18157 | Lair:2   | XOM: noise
 18345 | Lair:2   | Noticed a four-headed hydra
 18345 | Lair:2   | XOM: chaos cloud
 18349 | Lair:2   | XOM: swap monsters
 18361 | Lair:2   | Killed a four-headed hydra
 18362 | Lair:2   | Reached XP level 13. HP: 64/64 MP: 15/22
 18574 | Lair:3   | XOM: noise
 18581 | Lair:3   | XOM: blink monster(s)
 18797 | Lair:3   | XOM: potion effect (might)
 18800 | Lair:3   | Reached skill level 9 in Shapeshifting
 18801 | Lair:3   | XOM: noise
 18813 | Lair:3   | XOM: summons 7 hostile demons
 18825 | Lair:3   | XOM: polymorph shadow imp -> cerulean imp
 18834 | Lair:3   | XOM: enchant monster (good)
 18867 | Lair:3   | XOM: summons 4 friendly demons
 18874 | Lair:3   | XOM: potion effect (brilliance)
 18884 | Lair:3   | XOM: fake destruction
 18891 | Lair:3   | XOM: potion effect (brilliance)
 19209 | Lair:3   | Found a staircase to the Snake Pit.
 19242 | Lair:3   | XOM: summons friendly crimson imp
 19247 | Lair:3   | XOM: divination: magic mapping
 19257 | Lair:3   | XOM: enchant monster (good)
 19286 | Lair:3   | XOM: cast spell 'Alistair's Intoxication'
 19313 | Lair:3   | XOM: cleaving
 19316 | Lair:3   | XOM: cast spell 'Disjunction'
 19473 | Lair:3   | XOM: god gift: 2 ruby potions {god gift}
 19676 | Lair:3   | Reached skill level 10 in Shapeshifting
 19707 | Lair:3   | XOM: summons 2 friendly demons
 19707 | Lair:3   | XOM: butterfly on damage
 19854 | Lair:3   | XOM: god gift: cloak {god gift}
 20063 | Lair:3   | Reached skill level 11 in Shapeshifting
 20191 | Lair:3   | XOM: give mutations
 20191 | Lair:3   | Gained mutation: You are completely covered in iridescent
                  | scales. (AC +6) [Xom's mischief]
 20191 | Lair:3   | Gained mutation: Your spells are a little easier to cast,
                  | but a little less powerful. [Xom's mischief]
 20490 | Lair:4   | XOM: noise
 20506 | Lair:4   | Identified the +7 scimitar of Frustration {antimagic,
                  | *Corrode rF+ rN+}
 20559 | Lair:3   | XOM: destruction
 20678 | Lair:4   | Noticed Tinttamiau's ghost (journeyman TrDe)
 20691 | Lair:3   | XOM: summons 2 hostile shadow creatures
 20692 | Lair:3   | XOM: noise
 20759 | Lair:3   | XOM: summons 4 hostile shadow creatures
 20989 | Lair:3   | Reached skill level 12 in Shapeshifting
 21060 | Lair:4   | XOM: give mutation
 21060 | Lair:4   | Lost mutation: Your flesh is heat resistant. (rF+) [Xom's
                  | mischief]
 21130 | Lair:4   | XOM: noise
 21135 | Lair:4   | XOM: divination: detect creatures
 21439 | Lair:4   | XOM: potion effect (haste)
 21446 | Lair:4   | Reached skill level 13 in Shapeshifting
 21479 | Lair:4   | XOM: silly message
 21533 | Lair:4   | XOM: 1-stop teleportation journey
 21620 | Lair:4   | XOM: noise
 21628 | Lair:4   | XOM: 1-stop teleportation journey
 21838 | Lair:4   | Found a transporter.
 21858 | Lair:4   | Found a transporter.
 21944 | Lair:4   | XOM: noise
 21948 | Lair:4   | XOM: noise
 22017 | Lair:4   | XOM: noise
 22170 | Lair:5   | Entered Level 5 of the Lair of Beasts
 22316 | Lair:5   | XOM: 4-stop teleportation journey
 22320 | Lair:5   | XOM: confuse monster(s)
 22335 | Lair:5   | XOM: scenery: create altars
 22337 | Lair:5   | XOM: cast spell 'Summon Hydra'
 22440 | Lair:5   | Found a staircase to the Slime Pits.
 22537 | Lair:5   | XOM: confusion (+ monsters)
 22693 | Lair:5   | XOM: confuse monster(s)
 22754 | Lair:5   | Reached XP level 14. HP: 41/68 MP: 23/23
 22797 | Lair:5   | XOM: cast spell 'Summon Ice Beast'
 22804 | Lair:5   | Reached skill level 14 in Shapeshifting
 22860 | Lair:5   | XOM: potion effect (brilliance)
 22871 | Lair:5   | XOM: smoke on damage
 23257 | Lair:2   | Found a staircase to the Swamp.
 23484 | D:9      | Learned a level 4 spell: Vhi's Electric Charge
 23552 | D:11     | XOM: cast spell 'Leda's Liquefaction'
 23791 | D:11     | XOM: 2-stop teleportation journey
 23959 | D:11     | Found a portal to a secret trove of treasure.
 24038 | D:11     | Reached skill level 1 in Translocations
 24058 | D:11     | XOM: smoke on damage
 24332 | D:11     | XOM is BORED!
 24332 | D:11     | XOM: give mutations
 24332 | D:11     | Lost mutation: Your spells are a little easier to cast, but
                  | a little less powerful. [Xom's mischief]
 24332 | D:11     | Gained mutation: You are agile. (Dex +4, Str/Int -1) [Xom's
                  | mischief]
 24332 | D:11     | Lost mutation: You are highly strong-willed. (Will++)
                  | [Xom's mischief]
 24332 | D:11     | Lost mutation: You are strong-willed. (Will+) [Xom's
                  | mischief]
 24396 | D:11     | XOM: summons 4 hostile demons
 24423 | D:11     | Reached skill level 6 in Unarmed Combat
 24508 | D:12     | Reached skill level 2 in Translocations
 24555 | D:12     | Noticed Maurice
 24557 | D:12     | Killed Maurice
 24567 | D:12     | XOM: noise
 24613 | D:12     | Reached skill level 11 in Dodging
 24615 | D:12     | XOM: confusion
 24618 | D:12     | XOM: noise
 24651 | D:12     | Noticed Azrael
 24651 | D:12     | Noticed Lodul
 24651 | D:12     | XOM: 3-stop teleportation journey
 24673 | D:12     | Found a staircase to the Orcish Mines.
 24676 | D:12     | XOM: scenery: 1 doors close
 24715 | D:12     | Killed Lodul
 24726 | D:12     | Identified the "Jikhluiquj" (Xom gifted it to you on level
                  | 12 of the Dungeon)
 24726 | D:12     | XOM: god gift: Xom's Papyrus of the Dragon
 24746 | D:12     | Reached skill level 3 in Translocations
 24868 | D:12     | Killed Azrael
 25463 | D:12     | Reached skill level 3 in Air Magic
 25582 | Orc:1    | Entered Level 1 of the Orcish Mines
 25582 | Orc:1    | Noticed an orc warlord
 25587 | Orc:1    | XOM: summons friendly ufetubus
 25588 | Orc:1    | XOM: noise
 25595 | Orc:1    | Killed an orc warlord
 25604 | Orc:1    | XOM: divination: magic mapping
 25786 | Orc:2    | Entered Level 2 of the Orcish Mines
 25792 | Orc:2    | Paralysed by an orc sorcerer for 2 turns
 25815 | Orc:2    | Reached skill level 4 in Translocations
 25870 | Orc:2    | Found a staircase to the Elven Halls.
 25946 | Orc:2    | XOM: 1-stop teleportation journey
 26010 | Orc:2    | Reached skill level 7 in Unarmed Combat
 26104 | Orc:1    | XOM: potion effect (berserk rage)
 26108 | Orc:1    | Reached skill level 15 in Shapeshifting
 26398 | Orc:2    | Found a radiant altar of Vehumet.
 26411 | Orc:2    | Reached skill level 12 in Dodging
 26509 | Orc:2    | Found Cuot's Antique Armour Boutique.
 26511 | Orc:2    | XOM: enchant monster (good)
 26521 | Orc:2    | XOM: swap monsters
 26523 | Orc:2    | Reached skill level 5 in Translocations
 26537 | Orc:2    | XOM: divination: detect items
 26558 | Orc:2    | Reached skill level 4 in Air Magic
 26560 | Orc:2    | XOM: confuse monster(s)
 26562 | Orc:2    | Reached skill level 8 in Unarmed Combat
 26568 | Orc:2    | XOM: summons friendly ynoxinul
 26575 | Orc:2    | Reached XP level 15. HP: 72/72 MP: 2/24
 26668 | Orc:2    | Found Doengeg's Antique Armour Boutique.
 26670 | Orc:2    | Found Peruc's Antique Armour Shoppe.
 26685 | Orc:2    | XOM: enchant monster (good)
 26712 | Orc:2    | Found Fuustyinu's Jewellery Shop.
 26746 | Orc:2    | Reached skill level 13 in Dodging
 26808 | Orc:2    | Reached skill level 6 in Translocations
 27241 | D:13     | Noticed Urug
 27246 | D:13     | Killed Urug
 27411 | D:13     | You fall into a shaft and drop 2 floors!
 27411 | D:15     | Entered Level 15 of the Dungeon
 27491 | D:15     | Noticed Agnes
 27503 | D:15     | XOM: god gift: 9 gold pieces
 27652 | D:15     | XOM: divination: detect items
 27665 | D:15     | XOM: summons friendly shadow imp
 27668 | D:15     | XOM: divination: detect creatures
 27694 | D:15     | Reached skill level 9 in Unarmed Combat
 27718 | D:15     | XOM: confuse monster(s)
 27761 | D:15     | Found a sacrificial altar of Ru.
 27843 | D:15     | XOM: smoke on damage
 27846 | D:15     | XOM: silly message
 27851 | D:15     | Killed Agnes
 27852 | D:15     | Reached skill level 7 in Translocations
 27872 | D:15     | XOM: god gift: chain mail {god gift}
 27910 | D:15     | XOM: noise
 27980 | D:15     | Reached skill level 14 in Dodging
 27980 | D:15     | Reached skill level 5 in Air Magic
 28134 | D:15     | Found Iranwed's Book Boutique.
 28268 | D:15     | Found a staircase to the Depths.
 28352 | D:15     | XOM: enchant monster (bad)
 28362 | D:15     | XOM: enchant monster (bad)
 28522 | D:15     | XOM: blink monster(s)
 28582 | D:14     | XOM: stealth player
 28582 | D:14     | Noticed Frances
 28587 | D:14     | XOM: confuse monster(s)
 28606 | D:14     | Killed Frances
 28784 | D:14     | XOM: silly message
 28785 | D:14     | Reached skill level 8 in Translocations
 28789 | D:14     | Reached skill level 10 in Unarmed Combat
 28950 | D:14     | XOM: confusion (+ monsters)
 28967 | D:14     | Found a gate to the Vaults.
 28970 | D:14     | XOM: cast spell 'Death Channel'
 28976 | D:14     | XOM: noise
 28995 | D:14     | Reached skill level 15 in Dodging
 29046 | D:14     | XOM: give mutations
 29046 | D:14     | Lost mutation: You are partially covered in large bone
                  | plates. (SH +4) [Xom's mischief]
 29046 | D:14     | Gained mutation: Your flesh is cold resistant. (rC+) [Xom's
                  | mischief]
 29917 | Snake:1  | Entered Level 1 of the Snake Pit
 29917 | Snake:1  | Found a white marble altar of Elyvilon.
 29917 | Snake:1  | XOM: divination: detect creatures
 30039 | Snake:1  | XOM: divination: detect items
 30043 | Snake:1  | Reached skill level 6 in Air Magic
 30149 | Snake:1  | Reached XP level 16. HP: 76/76 MP: 25/25
 30186 | Snake:1  | Reached skill level 9 in Translocations
 30225 | Snake:1  | XOM: silly message
 30244 | Snake:1  | XOM: potion effect (haste)
 30292 | Snake:1  | XOM: silly message
 30521 | Snake:1  | Reached skill level 11 in Unarmed Combat
 30549 | Snake:1  | Reached skill level 12 in Fighting
 30688 | Snake:2  | Slain by a naga
 30760 | Snake:2  | XOM: divination: magic mapping
 30765 | Snake:2  | XOM: cast spell 'Alistair's Intoxication'
 30782 | Snake:2  | XOM: noise
 30786 | Snake:2  | XOM: cast spell 'Disjunction'
 30954 | Snake:2  | Reached skill level 10 in Translocations
 30954 | Snake:2  | Paralysed by a naga sharpshooter for 4 turns
 31047 | Snake:2  | XOM: swap monsters
 31053 | Snake:2  | Noticed Roxanne
 31053 | Snake:2  | XOM: 7-stop teleportation journey
 31054 | Snake:2  | XOM: polymorph salamander -> swamp dragon
 31128 | Snake:2  | XOM: repel stairs
 31196 | Snake:2  | XOM: confusion
 31211 | Snake:2  | XOM: divination: detect items
 31213 | Snake:2  | XOM: potion effect (attraction)
 31245 | Snake:2  | XOM: noise
 31271 | Snake:2  | Reached skill level 12 in Unarmed Combat
 31308 | Snake:2  | XOM: noise
 31333 | Snake:2  | Killed Roxanne
 31472 | Snake:2  | XOM: scenery: 1 doors close
 31522 | Snake:3  | Reached skill level 16 in Dodging
 31524 | Snake:3  | Noticed Louise
 31535 | Snake:3  | Killed Louise
 31629 | Snake:3  | XOM: divine lightning
 31796 | Snake:3  | XOM: summons 5 friendly demons
 31803 | Snake:3  | XOM: polymorph white imp -> ufetubus
 31837 | Snake:3  | Reached skill level 11 in Translocations
 31901 | Snake:3  | XOM: torment (75/96 hp)
 32052 | Snake:3  | XOM: give mutation
 32052 | Snake:3  | Gained mutation: Your body sometimes deteriorates upon
                  | taking damage. [Xom's mischief]
 32082 | Snake:4  | Entered Level 4 of the Snake Pit
 32148 | Snake:4  | XOM: enchant monster (bad)
 32149 | Snake:4  | XOM: chaos upgrade
 32160 | Snake:4  | Reached XP level 17. HP: 81/81 MP: 26/26
 32206 | Snake:4  | XOM: summons friendly white imp
 32236 | Snake:4  | Found a sacrificial altar of Ru.
 32308 | Snake:4  | Found Ratunka's Jewellery Emporium.
 32390 | Snake:4  | XOM: cast spell 'Olgreb's Toxic Radiance'
 32391 | Snake:4  | XOM: cast spell 'Call Canine Familiar'
 32407 | Snake:4  | XOM: noise
 32419 | Snake:4  | XOM: divination: detect items
 32432 | Snake:4  | XOM: silly message
 32442 | Snake:4  | XOM: silly message
 32473 | Snake:4  | XOM: confuse monster(s)
 32494 | Snake:4  | Reached skill level 13 in Unarmed Combat
 32495 | Snake:4  | XOM: noise
 32543 | Snake:4  | XOM: silly message
 32626 | Snake:4  | XOM: 6-stop teleportation journey
 32713 | Snake:4  | XOM: confuse monster(s)
 32752 | Snake:4  | Reached skill level 13 in Fighting
 32834 | Snake:4  | XOM: fake destruction
 32841 | Snake:4  | XOM: enchant monster (good)
 32842 | Snake:4  | Slain by a naga warrior
 33377 | Snake:4  | XOM: divine lightning
 33389 | Snake:4  | XOM: fog
 33393 | Snake:4  | XOM: summons 14 friendly demons
 33396 | Snake:4  | Reached skill level 12 in Translocations
 33396 | Snake:4  | Reached skill level 16 in Shapeshifting
 33501 | Snake:4  | XOM: scenery: create altars
 33507 | Snake:4  | XOM: scenery: create altars
 33547 | Snake:4  | XOM: silly message
 33563 | Snake:4  | XOM: potion effect (heal wounds)
 33607 | Snake:4  | XOM: potion effect (haste)
 33612 | Snake:4  | Reached skill level 17 in Dodging
 33634 | Snake:4  | Got a serpentine rune of Zot
 33726 | Snake:4  | XOM: silly message
 33734 | Snake:4  | XOM: potion effect (berserk rage)
 33741 | Snake:4  | XOM: potion effect (invisibility)
 33910 | Swamp:1  | Entered Level 1 of the Swamp
 33918 | Swamp:1  | XOM: noise
 33958 | Swamp:1  | Noticed Jorgrun
 33970 | Swamp:1  | Killed Jorgrun
 33985 | Swamp:1  | XOM: cloud trail
 34041 | Swamp:1  | XOM: polymorph tyrant leech -> satyr
 34118 | Swamp:1  | XOM: cleaving
 34135 | Swamp:1  | Reached skill level 6 in Spellcasting
 34236 | Swamp:1  | XOM: noise
 34274 | Swamp:1  | XOM: summons 9 hostile demons
 34380 | Swamp:1  | XOM: swap monsters
 34420 | Swamp:1  | Reached skill level 14 in Unarmed Combat
 34425 | Swamp:1  | Learned a level 2 spell: Passwall
 34533 | Swamp:1  | XOM: cloud trail
 34635 | Swamp:2  | XOM: god gift: Great Wizards, Vol. VII
 34686 | Swamp:2  | XOM: scenery: summon butterflies
 34698 | Swamp:2  | XOM: give mutations
 34698 | Swamp:2  | Gained mutation: You are very agile. (Dex +8, Str/Int -2)
                  | [Xom's grace]
 34698 | Swamp:2  | Gained mutation: Your flesh is heat resistant. (rF+) [Xom's
                  | grace]
 34698 | Swamp:2  | Gained mutation: You possess an exceptional clarity of
                  | mind. [Xom's grace]
 34698 | Swamp:2  | Gained mutation: You passively map a small area around you.
                  | [Xom's grace]
 35102 | Swamp:3  | XOM: cleaving
 35304 | Swamp:3  | Reached XP level 18. HP: 86/86 MP: 28/28
 35375 | Swamp:3  | XOM: fog
 35377 | Swamp:3  | XOM: god gift: scroll of vulnerability
 35388 | Swamp:3  | XOM: polymorph swamp drake -> shapeshifter
 35389 | Swamp:3  | Reached skill level 13 in Translocations
 35496 | Swamp:3  | XOM: god gift: 37 gold pieces
 35568 | Swamp:4  | Entered Level 4 of the Swamp
 35585 | Swamp:4  | XOM: enchant monster (good)
 35602 | Swamp:4  | XOM: cleaving
 35640 | Swamp:4  | XOM: polymorph lindwurm -> shapeshifter
 35658 | Swamp:4  | XOM: polymorph swamp dragon -> death drake
 35744 | Swamp:4  | XOM: smoke on damage
 35786 | Swamp:4  | XOM: fake destruction
 35807 | Swamp:4  | XOM: potion effect (haste)
 35905 | Swamp:4  | Found a runed translucent gate.
 35906 | Swamp:4  | Found a runed translucent gate.
 35906 | Swamp:4  | Found a runed translucent gate.
 35908 | Swamp:4  | Noticed ongoing's ghost (adept BaHu)
 35908 | Swamp:4  | Noticed Gaxiaska's ghost (adept TrDe)
 35909 | Swamp:4  | Noticed Talonman3's ghost (adept DrCj)
 35937 | Swamp:4  | XOM: confuse monster(s)
 35951 | Swamp:4  | XOM: confuse monster(s)
 36402 | Swamp:4  | Got a decaying rune of Zot
 36497 | Lair:1   | XOM: silly message
 36659 | Crypt:2  | Identified the of Tezxis
 36659 | Crypt:2  | Identified the "Viudeima"
 36659 | Elf:1    | Identified the "Moywit"
 36659 | Elf:1    | Entered Level 1 of the Elven Halls
 36670 | Elf:1    | XOM: summons friendly quasit
 36804 | Elf:1    | XOM: enchant monster (good)
 36835 | Elf:1    | XOM: cleaving
 36841 | Elf:1    | XOM: potion effect (brilliance)
 36887 | Elf:1    | XOM: 1-stop teleportation journey
 36900 | Elf:1    | Reached skill level 7 in Spellcasting
 36925 | Elf:1    | XOM: confuse monster(s)
 36927 | Elf:1    | Reached skill level 15 in Unarmed Combat
 36956 | Elf:1    | XOM: summons 4 friendly demons
 36960 | Elf:1    | Noticed an Ice Fiend
 36965 | Elf:1    | XOM: potion effect (might)
 36967 | Elf:1    | Reached skill level 14 in Fighting
 36972 | Elf:1    | XOM: swap monsters
 37066 | Elf:1    | Found a flickering gateway to a bazaar.
 37097 | Bazaar   | Entered a bazaar
 37122 | Bazaar   | Found Xausmuch's Jewellery Emporium.
 37123 | Bazaar   | Found Xivvoal's Magic Scroll Emporium.
 37132 | Bazaar   | Bought a scroll of enchant armour for 60 gold pieces
 37132 | Bazaar   | Bought a scroll of revelation for 60 gold pieces
 37132 | Bazaar   | Bought a scroll of teleportation for 24 gold pieces
 37132 | Bazaar   | Bought a scroll of blinking for 60 gold pieces
 37132 | Bazaar   | Bought a scroll of revelation for 60 gold pieces
 37132 | Bazaar   | Bought a scroll of fog for 32 gold pieces
 37167 | Bazaar   | Found Sitsutub's Distillery.
 37167 | Bazaar   | Found Hioq's Antique Weapon Shoppe.
 37175 | Bazaar   | Bought a potion of heal wounds for 60 gold pieces
 37175 | Bazaar   | Bought a potion of haste for 120 gold pieces
 37175 | Bazaar   | Bought a potion of resistance for 120 gold pieces
 37175 | Bazaar   | Bought a potion of haste for 120 gold pieces
 37175 | Bazaar   | Bought a potion of might for 48 gold pieces
 37175 | Bazaar   | Bought a potion of heal wounds for 60 gold pieces
 37236 | Elf:1    | XOM: noise
 37267 | Elf:1    | Found a shimmering blue altar of Sif Muna.
 37430 | Elf:1    | Found a bloodstained altar of Trog.
 37449 | Elf:1    | XOM: stat loss: -1 Int (12/13)
 37801 | Elf:1    | XOM: noise
 37837 | Elf:2    | Identified the "Sutaocon"
 37837 | Elf:2    | Identified the of Zuawe
 37837 | Elf:2    | Identified the of Ocour
 37837 | Elf:2    | Identified the of Zoutz
 37837 | Elf:2    | Identified the "Xibestrent"
 37837 | Elf:2    | Identified the "Gatuynn"
 37853 | Elf:2    | Reached skill level 18 in Dodging
 37867 | Elf:2    | XOM: cleaving
 37884 | Elf:2    | Noticed a bone dragon
 37899 | Elf:2    | XOM: cleaving
 37900 | Elf:2    | XOM: enchant monster (good)
 37903 | Elf:2    | Killed a bone dragon
 37911 | Elf:2    | Reached skill level 14 in Translocations
 37914 | Elf:2    | XOM: cleaving
 38092 | Elf:2    | XOM: divine lightning
 38300 | Elf:2    | XOM: enchant monster (good)
 38348 | Elf:2    | XOM: 2-stop teleportation journey
 38468 | Elf:2    | XOM: polymorph necromancer -> cyclops
 38478 | Elf:2    | XOM: polymorph deep elf zephyrmancer -> komodo dragon
 38488 | Elf:2    | Reached XP level 19. HP: 91/91 MP: 28/31
 38567 | Elf:2    | Found a runed translucent gate.
 38568 | Elf:2    | Found a runed translucent gate.
 38568 | Elf:2    | Found a runed translucent gate.
 38617 | Elf:2    | Reached skill level 17 in Shapeshifting
 38665 | Elf:2    | Reached skill level 8 in Spellcasting
 38694 | Elf:2    | XOM: scenery: summon butterflies
 38869 | Elf:2    | XOM: chaos cloud
 38900 | Elf:2    | XOM: summons 2 hostile shadow creatures
 38929 | Elf:2    | Reached skill level 16 in Unarmed Combat
 38940 | Elf:2    | XOM: swap monsters
 38945 | Elf:2    | XOM: give mutations
 38945 | Elf:2    | Lost mutation: You passively map a small area around you.
                  | [Xom's mischief]
 38945 | Elf:2    | Lost mutation: Your flesh is cold resistant. (rC+) [Xom's
                  | mischief]
 38945 | Elf:2    | Lost mutation: Your body sometimes deteriorates upon taking
                  | damage. [Xom's mischief]
 38945 | Elf:2    | Lost mutation: You are very agile. (Dex +8, Str/Int -2)
                  | [Xom's mischief]
 38972 | Elf:2    | XOM: summons 1 hostile demon
 38975 | Elf:2    | XOM: summons 3 hostile demons
 38984 | Elf:2    | XOM: butterfly on damage
 38990 | Elf:2    | XOM: polymorph ice beast -> hog
 39086 | Elf:2    | XOM: give mutation
 39086 | Elf:2    | Lost mutation: You possess an exceptional clarity of mind.
                  | [Xom's mischief]
 39192 | Elf:2    | Identified the blade talisman of the Eternal Fruit
                  | {*Corrode rC+ Str+3 Int+2}
 39208 | Elf:2    | XOM: blink monster(s)
 39212 | Elf:2    | XOM: summons 10 hostile demons
 39249 | Elf:2    | XOM: summons 3 hostile shadow creatures
 39422 | Abyss:2  | Cast into level 2 of the Abyss (+0 triple sword of
                  | distortion)
 39488 | Abyss:3  | Found a corrupted altar of Lugonu.
 39548 | Abyss:3  | XOM: summons 16 friendly demons
 39618 | Abyss:3  | Noticed a profane servitor
 39625 | Abyss:3  | XOM: potion effect (might)
 39633 | Abyss:3  | Killed a profane servitor
 39639 | Abyss:3  | Gained mutation: You have a somewhat thin skeletal
                  | structure. (Dex +2, Stealth+) [a neqoxec]
 39667 | Abyss:3  | XOM: polymorph small abomination -> small abomination
 39681 | Elf:2    | Escaped the Abyss
 39683 | Elf:2    | XOM: cast spell 'Death Channel'
 39929 | Elf:2    | XOM: god gift: 914 gold pieces
 40023 | Orc:2    | Bought a ring of protection from cold for 350 gold pieces
 40112 | Vaults:1 | Entered Level 1 of the Vaults
 40130 | Vaults:1 | Found Leapym's Jewellery Shop.
 40138 | Vaults:1 | Bought the ring of Levity {rF++ EV+5} for 847 gold pieces
 40162 | Vaults:1 | XOM: divination: detect creatures
 40213 | Vaults:1 | Found Ukeheab's Antique Weapon Emporium.
 40272 | Vaults:1 | XOM: scenery: 3 doors open
 40334 | Vaults:1 | XOM: cloud trail
 40467 | Vaults:1 | Reached skill level 19 in Dodging
 40578 | Vaults:1 | XOM: cleaving
 40661 | Vaults:1 | Found Kighaf's Jewellery Shoppe.
 40667 | Vaults:1 | Reached skill level 15 in Fighting
 40749 | Vaults:1 | XOM: give mutations
 40749 | Vaults:1 | Gained mutation: You expend magic power (3 MP) to
                  | strengthen your wands. [Xom's grace]
 40749 | Vaults:1 | Gained mutation: You possess an exceptional clarity of
                  | mind. [Xom's grace]
 40946 | Vaults:1 | XOM: scenery: create altars
 41090 | Vaults:1 | Reached skill level 17 in Unarmed Combat
 41154 | Vaults:1 | Found Muanaqist's Magic Scroll Emporium.
 41157 | Vaults:1 | Bought a scroll of teleportation for 48 gold pieces
 41157 | Vaults:1 | Bought a scroll of fear for 64 gold pieces
 41303 | Vaults:2 | XOM: enchant monster (good)
 41375 | Vaults:2 | XOM: cloud trail
 41498 | Vaults:2 | XOM: potion effect (might)
 41499 | Vaults:2 | XOM: summons friendly iron imp
 41569 | Vaults:2 | XOM: summons friendly ufetubus
 41584 | Vaults:2 | Noticed Mennas
 41591 | Vaults:2 | XOM: divination: magic mapping
 41593 | Vaults:2 | XOM: cast spell 'Discord'
 41623 | Vaults:2 | XOM: cast spell 'Discord'
 41637 | Vaults:2 | Killed Mennas
 41641 | Vaults:2 | Reached XP level 20. HP: 17/97 MP: 21/33
 41757 | Vaults:2 | XOM: confuse monster(s)
 41798 | Vaults:2 | Found Ymocsuora's General Store.
 41804 | Vaults:2 | Bought a scroll of teleportation for 57 gold pieces
 41804 | Vaults:2 | Bought a potion of curing for 57 gold pieces
 41930 | Vaults:2 | XOM: blink monster(s)
 41965 | Vaults:2 | XOM: enchant monster (bad)
 42001 | Vaults:2 | XOM: potion effect (might)
 42007 | Vaults:2 | XOM: polymorph vault sentinel -> wind drake
 42008 | Vaults:2 | XOM: cast spell 'Death Channel'
 42141 | Vaults:2 | XOM: summons 12 friendly demons
 42194 | Vaults:2 | XOM: summons friendly iron imp
 42206 | Vaults:2 | XOM: enchant monster (bad)
 42209 | Vaults:2 | XOM: summons friendly shadow imp
 42544 | Vaults:2 | Noticed Asterion
 42549 | Vaults:2 | XOM: blink monster(s)
 42557 | Vaults:2 | Killed Asterion
 42558 | Vaults:2 | Reached skill level 5 in Evocations
 42730 | Vaults:2 | XOM: enchant monster (good)
 42759 | Vaults:2 | Reached skill level 18 in Unarmed Combat
 42771 | Vaults:2 | Reached skill level 18 in Shapeshifting
 42776 | Vaults:2 | XOM: god gift: wand of mindburst (6)
 42785 | Vaults:2 | XOM: summons friendly hellwing
 43000 | Vaults:2 | Found a staircase to the Crypt.
 43125 | Vaults:2 | Found a runed translucent door.
 43125 | Vaults:2 | Noticed Tang's ghost (master DsGl)
 43182 | Vaults:2 | Killed Tang's ghost
 43183 | Vaults:2 | Reached skill level 20 in Dodging
 43269 | Vaults:3 | XOM: scenery: create altars
 43299 | Vaults:3 | XOM: polymorph deep troll -> shapeshifter
 43306 | Vaults:3 | XOM: summons friendly ufetubus
 43309 | Vaults:3 | XOM: confuse monster(s)
 43320 | Vaults:3 | Reached skill level 6 in Evocations
 43333 | Vaults:3 | XOM: enchant monster (good)
 43423 | Vaults:3 | XOM: summons friendly ufetubus
 43430 | Vaults:3 | XOM: noise
 43492 | Vaults:3 | XOM: polymorph ironbound preserver -> storm dragon
 43496 | Vaults:3 | XOM: confuse monster(s)
 43612 | Vaults:3 | Reached skill level 16 in Fighting
 43761 | Vaults:3 | XOM: noise
 43762 | Vaults:3 | XOM: cast spell 'Summon Horrible Things'
 44266 | Vaults:3 | Reached skill level 7 in Evocations
 44266 | Vaults:3 | XOM: summons friendly crimson imp
 44272 | Vaults:3 | XOM: chaos upgrade
 44281 | Vaults:3 | XOM: potion effect (curing)
 44284 | Vaults:3 | XOM: enchant monster (good)
 44493 | Vaults:4 | XOM: confuse monster(s)
 44502 | Vaults:4 | Reached XP level 21. HP: 77/102 MP: 18/34
 44593 | Vaults:4 | Found a runed translucent gate.
 44593 | Vaults:4 | Found a runed translucent gate.
 44593 | Vaults:4 | Found a runed translucent gate.
 44593 | Vaults:4 | Noticed deprived's ghost (veteran HOFi)
 44597 | Vaults:4 | Identified the +2 falchion "Ythel" {spect, rN+ Int+3}
 44655 | Vaults:4 | Reached skill level 19 in Unarmed Combat
 44658 | Vaults:4 | XOM: summons 3 friendly demons
 44795 | Vaults:4 | XOM: god gift: 13 gold pieces
 44952 | Vaults:4 | Identified the +9 war axe "Evos" {heavy, Str+4 SInv}
 45097 | Vaults:4 | XOM: silly message
 45098 | Vaults:4 | XOM: cleaving
 45235 | Vaults:4 | XOM: fog
 45239 | Vaults:4 | XOM: cast spell 'Call Canine Familiar'
 45282 | Vaults:4 | Reached skill level 8 in Evocations
 45340 | Vaults:4 | XOM: scenery: 1 doors close
 45581 | Vaults:2 | XOM: cloud trail
 45780 | Elf:3    | Identified the of Modd
 45780 | Elf:3    | Identified the "Doitaj"
 45780 | Elf:3    | Entered Level 3 of the Elven Halls
 45981 | Elf:3    | Found Waosalocs's Magic Scroll Boutique.
 45989 | Elf:3    | Bought a scroll of teleportation for 45 gold pieces
 45989 | Elf:3    | Bought a scroll of acquirement for 780 gold pieces
 45989 | Elf:3    | Bought a scroll of teleportation for 45 gold pieces
 45989 | Elf:3    | Bought a scroll of immolation for 60 gold pieces
 45989 | Elf:3    | Identified the "Feptafif" (You acquired it on level 3 of
                  | the Elven Halls)
 45989 | Elf:3    | Acquired the Monograph on the Map
 45993 | Elf:3    | Learned a level 1 spell: Apportation
 46019 | Elf:3    | Found a radiant altar of Vehumet.
 46067 | Elf:3    | XOM: cast spell 'Metabolic Englaciation'
 46075 | Elf:3    | XOM: summons friendly quasit
 46183 | Elf:3    | XOM: summons friendly white imp
 46236 | Elf:3    | XOM: god gift: 7 stones
 46653 | Elf:3    | XOM: summons friendly iron imp
 46654 | Elf:3    | XOM: divination: detect items
 46655 | Elf:3    | XOM: chaos upgrade
 46808 | Elf:3    | XOM: stat loss: -1 Int (14/15)
 46812 | Elf:3    | Identified the +3 ring mail of Rotation {rF- rN+++ rCorr
                  | Str-2}
 46830 | Elf:3    | Identified the ring "Buserrih" {Will+ rCorr}
 46832 | Elf:3    | XOM: divine lightning
 46832 | Elf:3    | XOM: butterfly on damage
 46850 | Elf:3    | Identified the ring of Demons {rElec rPois Dex+3}
 47198 | Elf:3    | Reached skill level 9 in Evocations
 47199 | Elf:3    | Identified the ring of the Present {Fire Str+3}
 47259 | Elf:3    | XOM: give mutation
 47259 | Elf:3    | Lost mutation: Your flesh is heat resistant. (rF+) [Xom's
                  | mischief]
 47268 | Elf:3    | XOM: 5-stop teleportation journey
 47426 | Elf:3    | XOM: chaos cloud
 47458 | Elf:3    | XOM: silly message
 47469 | Elf:3    | Identified the staff of Rechused {Dex+3 Earth}
 47471 | Elf:3    | Identified the +3 shortbow "Gafe" {flame, rF+}
 47792 | Depths:1 | Entered Level 1 of the Depths
 47814 | Depths:1 | XOM: polymorph green very ugly thing -> red very ugly thing
 47862 | Depths:1 | Found Gowoetri's Magic Scroll Emporium.
 47866 | Depths:1 | Found Guomiqang's Antique Weapon Emporium.
 47870 | Depths:1 | Bought a scroll of teleportation for 45 gold pieces
 47870 | Depths:1 | Bought a scroll of teleportation for 45 gold pieces
 47870 | Depths:1 | Bought a scroll of teleportation for 45 gold pieces
 47870 | Depths:1 | Bought a scroll of revelation for 112 gold pieces
 47914 | Depths:1 | Reached skill level 20 in Unarmed Combat
 47923 | Depths:1 | Reached skill level 19 in Shapeshifting
 47926 | Depths:1 | XOM: summons friendly shadow imp
 47941 | Depths:1 | XOM: blink monster(s)
 47948 | Depths:1 | XOM: scenery: 2 doors open, 1 doors close
 48012 | Depths:1 | Found a gateway to Hell.
 48160 | Depths:1 | Reached skill level 17 in Fighting
 48241 | Depths:1 | XOM: summons friendly ufetubus
 48244 | Depths:1 | XOM: smoke on damage
 48371 | D:15     | Bought a book of Changes for 324 gold pieces
 48374 | D:15     | Learned a level 2 spell: Lesser Beckoning
 48377 | D:15     | Learned a level 2 spell: Wereblood
 48458 | Depths:1 | Found a one-way gate leading to the halls of Pandemonium.
 48462 | Depths:1 | XOM: enchant monster (good)
 48466 | Depths:1 | XOM: enchant monster (bad)
 48530 | Depths:1 | XOM: blink monster(s)
 48533 | Depths:1 | Reached XP level 22. HP: 108/108 MP: 33/35
 48699 | Depths:1 | Noticed a juggernaut
 48700 | Depths:1 | XOM: chaos cloud
 48721 | Depths:1 | Killed a juggernaut
 48722 | Depths:1 | Reached skill level 11 in Poison Magic
 48871 | Depths:1 | Reached skill level 10 in Evocations
 48874 | Depths:1 | XOM: polymorph brown very ugly thing -> green very ugly
                  | thing
 48882 | Depths:1 | XOM: polymorph green very ugly thing -> white very ugly
                  | thing
 49022 | Depths:1 | XOM: summons 2 hostile demons
 49089 | Depths:1 | XOM: enchant monster (bad)
 49090 | Depths:1 | XOM: silly message
 49105 | Depths:1 | XOM: smoke on damage
 49109 | Depths:1 | XOM: enchant monster (bad)
 49407 | Depths:2 | XOM: enchant monster (bad)
 49533 | Depths:2 | XOM: enchant monster (bad)
 49583 | Depths:2 | XOM: noise
 49678 | Depths:2 | XOM: summons 10 friendly demons
 49830 | Depths:2 | XOM: summons friendly quasit
 49834 | Depths:2 | XOM: potion effect (brilliance)
 49848 | Depths:2 | XOM: god gift: glowing leather armour {god gift}
 49902 | Depths:2 | XOM: silly message
 49903 | Depths:2 | Noticed a juggernaut
 49917 | Depths:2 | XOM: blink monster(s)
 49923 | Depths:2 | Killed a juggernaut
 50135 | Depths:3 | XOM: polymorph stone giant -> shadow dragon
 50137 | Depths:3 | Reached skill level 12 in Poison Magic
 50146 | Depths:3 | XOM: enchant monster (bad)
 50212 | Depths:2 | XOM: polymorph fire giant -> formless jellyfish
 50249 | Depths:3 | XOM: 3-stop teleportation journey
 50257 | Depths:3 | Reached skill level 18 in Fighting
 50266 | Depths:3 | XOM: chaos cloud
 50279 | Depths:3 | XOM: enchant monster (bad)
 50322 | Depths:3 | XOM: summons friendly crimson imp
 50340 | Depths:3 | Identified the +5 plate armour of Noxious Happiness {+Inv
                  | rPois rCorr}
 50396 | Depths:3 | Reached skill level 20 in Shapeshifting
 50519 | Depths:3 | XOM: summons 2 hostile demons
 50614 | Depths:3 | Found a one-way gate to the infinite horrors of the Abyss.
 50675 | Depths:2 | XOM: blink monster(s)
 50682 | Depths:2 | XOM: summons friendly ufetubus
 51027 | Depths:3 | XOM: god gift: wand of roots (8)
 51268 | Depths:3 | XOM: summons 12 hostile demons
 51275 | Depths:3 | Reached skill level 13 in Poison Magic
 51304 | Depths:3 | XOM: scenery: summon butterflies
 51510 | Depths:3 | XOM: stat loss: -1 Str (6/7)
 51642 | Depths:4 | XOM: noise
 51642 | Depths:4 | Entered Level 4 of the Depths
 51654 | Depths:4 | XOM: potion effect (might)
 51658 | Depths:4 | XOM: summons friendly shadow imp
 51741 | Depths:4 | XOM: summons 3 hostile demons
 51760 | Depths:4 | XOM: silly message
 51782 | Depths:4 | XOM: summons 3 friendly demons
 51792 | Depths:4 | Reached XP level 23. HP: 115/115 MP: 36/36
 51852 | Depths:4 | XOM: enchant monster (bad)
 51862 | Depths:4 | XOM: chaos upgrade
 51955 | Depths:4 | Reached skill level 19 in Fighting
 52115 | Depths:4 | XOM: enchant monster (good)
 52182 | Depths:4 | XOM: polymorph red draconian -> great orb of eyes
 52225 | Depths:4 | XOM: divination: magic mapping
 52281 | Depths:4 | XOM: confuse monster(s)
 52288 | Depths:4 | XOM: polymorph fire dragon -> alligator
 52297 | Depths:4 | Found a gate to the Realm of Zot.
 52408 | Depths:4 | XOM: blink monster(s)
 52415 | Depths:4 | Found a one-way gateway to a ziggurat.
 52415 | Depths:4 | Noticed an ancient lich
 52415 | Depths:4 | XOM: summons 3 friendly demons
 52427 | Depths:4 | Noticed Saint Roka
 52614 | Depths:4 | XOM: god gift: wand of light (7)
 52623 | Depths:4 | Killed Saint Roka
 52624 | Depths:4 | Reached skill level 14 in Poison Magic
 52672 | Depths:4 | XOM: destruction
 52690 | Depths:4 | XOM: confuse monster(s)
 52715 | Depths:4 | XOM: summons 2 hostile shadow creatures
 53080 | Vaults:5 | Entered Level 5 of the Vaults
 53098 | Vaults:5 | XOM: chaos cloud
 53101 | Vaults:5 | XOM: smoke on damage
 53117 | Vaults:5 | Identified the +5 flail "Hecos" {flame, *Corrode Fly rPois
                  | rN+++}
 53140 | Vaults:5 | XOM: swap monsters
 53143 | Vaults:5 | XOM: summons 9 hostile demons
 53151 | Vaults:5 | XOM: 1-stop teleportation journey
 53175 | Vaults:5 | XOM: potion effect (magic)
 53257 | Vaults:5 | XOM: silly message
 53279 | Vaults:5 | XOM: potion effect (attraction)
 53356 | Vaults:5 | XOM: potion effect (haste)
 53376 | Vaults:5 | XOM: potion effect (might)
 53474 | Vaults:5 | Reached skill level 20 in Fighting
 53515 | Vaults:5 | XOM: potion effect (brilliance)
 53518 | Vaults:5 | Reached skill level 15 in Poison Magic
 53518 | Vaults:5 | XOM: divination: detect items
 53534 | Vaults:5 | Noticed an ancient lich
 53535 | Vaults:5 | XOM: enchant monster (good)
 53557 | Vaults:5 | XOM: confuse monster(s)
 53583 | Vaults:5 | XOM: confuse monster(s)
 53586 | Vaults:5 | XOM: summons friendly quasit
 53596 | Vaults:5 | XOM: divination: detect items
 53598 | Vaults:5 | XOM: summons friendly white imp
 53604 | Vaults:5 | Killed an ancient lich
 53605 | Vaults:5 | Reached skill level 16 in Poison Magic
 53628 | Vaults:5 | Identified the +0 plate armour of Ixakk {+Blink Int+4}
 53628 | Vaults:5 | Identified the ring "Sony" {EV+5 Dex+6}
 53631 | Vaults:5 | XOM: noise
 53671 | Vaults:5 | XOM: potion effect (haste)
 53686 | Vaults:5 | Reached skill level 17 in Poison Magic
 53686 | Vaults:5 | Reached XP level 24. HP: 46/122 MP: 16/36
 53980 | Vaults:5 | Found Wiowk's Distillery.
 53985 | Vaults:5 | Bought 2 potions of heal wounds for 220 gold pieces
 53985 | Vaults:5 | Bought 2 potions of curing for 132 gold pieces
 53985 | Vaults:5 | Bought a potion of curing for 66 gold pieces
 53985 | Vaults:5 | Bought a potion of invisibility for 176 gold pieces
 53985 | Vaults:5 | Bought 2 potions of curing for 132 gold pieces
 53991 | Vaults:5 | Found Waity's Distillery.
 53996 | Vaults:5 | Bought a potion of curing for 57 gold pieces
 53996 | Vaults:5 | Bought a potion of heal wounds for 95 gold pieces
 53996 | Vaults:5 | Bought a potion of might for 76 gold pieces
 53996 | Vaults:5 | Bought a potion of ambrosia for 152 gold pieces
 54309 | Vaults:5 | Found Yfye's Book Shoppe.
 54320 | Vaults:5 | Got a silver rune of Zot
 54608 | Vaults:5 | Noticed Jory
 54870 | Vaults:5 | Killed Jory
 55169 | Depths:4 | XOM: swap monsters
 55231 | Zot:1    | Entered Level 1 of the Realm of Zot
 55252 | Zot:1    | Reached skill level 18 in Poison Magic
 55268 | Zot:1    | Found a shadowy altar of Dithmenos.
 55268 | Zot:1    | Noticed an orb of fire
 55277 | Zot:1    | Killed an orb of fire
 55307 | Zot:2    | XOM: enchant monster (good)
 55413 | Zot:5    | Entered Level 5 of the Realm of Zot
 55570 | Zot:3    | XOM: noise
 55576 | Zot:3    | XOM: destruction
 55772 | Zot:3    | Reached skill level 19 in Poison Magic
 55913 | Zot:3    | XOM: blink monster(s)
 56104 | Zot:3    | XOM: silly message
 56183 | Zot:3    | Found a blossoming altar of Fedhas.
 56239 | Zot:3    | XOM: 1-stop teleportation journey
 56554 | Zot:1    | XOM: noise
 56557 | Zot:1    | XOM: cast spell 'Call Canine Familiar'
 56563 | Zot:1    | XOM: potion effect (might)
 56652 | Zot:1    | XOM: enchant monster (good)
 57018 | Zot:1    | Noticed an orb of fire
 57053 | Zot:1    | XOM: potion effect (haste)
 57055 | Zot:1    | XOM: noise
 57133 | Zot:1    | XOM: divination: magic mapping
 57137 | Zot:1    | XOM: divination: detect items
 57361 | Zot:5    | XOM: fog
 57470 | Zot:5    | XOM: cast spell 'Cause Fear'
 57472 | Zot:5    | XOM: polymorph Orb Guardian -> glowing shapeshifter
 57478 | Zot:5    | Reached skill level 20 in Poison Magic
 57582 | Zot:5    | XOM: god gift: 25 gold pieces
 57648 | Zot:5    | XOM: summons 2 hostile shadow creatures
 57860 | Zot:5    | Noticed a Killer Klown
 57860 | Zot:5    | Noticed an orb of fire
 57860 | Zot:5    | Noticed an ancient lich
 57861 | Zot:5    | Noticed a Killer Klown
 57864 | Zot:5    | Noticed an orb of fire
 57864 | Zot:5    | Noticed an ancient lich
 57864 | Zot:5    | Noticed a Killer Klown
 57864 | Zot:5    | Noticed an orb of fire
 57864 | Zot:5    | XOM: confuse monster(s)
 57864 | Zot:5    | Noticed an ancient lich
 57865 | Zot:5    | XOM: blink monster(s)
 57865 | Zot:5    | Gained mutation: You occasionally lose the ability to read
                  | scrolls when taking damage. [an orb of fire]
 57866 | Zot:5    | Reached skill level 7 in Stealth
 57871 | Zot:5    | Got the Orb of Zot
 57875 | Zot:5    | Noticed an orb of fire
 57878 | Zot:5    | Killed a Killer Klown
 57883 | Zot:5    | Gained mutation: Your system is resistant to poisons.
                  | (rPois) [an orb of fire]
 57886 | Zot:5    | Noticed an orb of fire
 57886 | Zot:5    | XOM: 1-stop teleportation journey
 57886 | Zot:5    | Noticed a Killer Klown
 57914 | Zot:4    | XOM: chaos upgrade
 57918 | Zot:4    | XOM: give mutations
 57918 | Zot:4    | Lost mutation: You have a somewhat thin skeletal structure.
                  | (Dex +2, Stealth+) [Xom's mischief]
 57918 | Zot:4    | Lost mutation: Your system is resistant to poisons. (rPois)
                  | [Xom's mischief]
 58041 | Depths:4 | Noticed Xyazxeu the pandemonium lord
 58069 | Depths:3 | Noticed a seraph
 58078 | Depths:3 | XOM: chaos cloud
 58086 | Depths:2 | Noticed Pool the pandemonium lord
 58086 | Depths:2 | XOM: silly message
 58368 | D:5      | Noticed Lodeluaj the pandemonium lord
 58375 | D:5      | Noticed an ancient lich
 58500 | D:$      | Escaped with the Orb!

Illustrated notes

Levels and vault maps discovered:
D:1:      kb_arrival_jail, layout_basic
D:2:      layout_rooms, basic_altar, chequers_ecumenical_altar_simple_redux,
          uniq_jessica
D:3:      cheibrodos_thug_alley, layout_rooms, minmay_hedge_maze,
          hangedman_decor_points, minivault_26, minmay_liquid_box
D:4:      minmay_razor_zed, layout_basic, uniq_duvessa
D:5:      layout_loops_ring, enter_ossuary_3, chequers_serial_rivers_micro_b
D:6:      layout_loops_ring, minmay_temple_entry_large_hall,
          kennysheep_small_circle
D:7:      layout_basic, okawaru_altar_gauntlet_db, uniq_pikel, uniq_maggie
D:8:      kennysheep_windowed_halls, layout_rooms, dpeg_oklobed_lair,
          serial_shops, shop, minmay_misc_feat_hallway, uniq_psyche, uniq_joseph
D:9:      layout_basic, serial_shops, nicolae_shop_just_a_little_nook, shop,
          shop, minmay_protected_statue
D:10:     layout_stronghold, grunt_temple_overflow_open, serial_demonic,
          serial_demonic_e, serial_demonic_d, serial_demonic_a, serial_demonic_b
D:11:     layout_loops_corners, enter_trove_2
D:12:     layout_grid_maze, david_orc_2, uniq_azrael, uniq_lodul, uniq_maurice
D:13:     layout_cave_pools, serial_column_ruins, column_ruins_open_small,
          column_ruins_grid_2, column_ruins_columns_straight,
          column_ruins_corridor_straight, nicolae_figureground_pulse, uniq_urug
D:14:     layout_roguey, skrybe_vaults_entry_preservation,
          grunt_decor_one_mirror, special_room [special_room_orc], uniq_frances
D:15:     grunt_enter_depths_magical_seal, layout_gridville, serial_shops,
          nicolae_shop_window_shopping, nicolae_ru_sacrificial_ziggurat,
          st_stairs_1, uniq_agnes
Lair:1:   layout_long_grid, worms_lemuel
Lair:2:   layout_chaotic_city, palyth_hydra_swamp_entry, lemuel_fruit_fields
Lair:3:   layout_cave_pods, guppyfry_snake_entry_garden,
          infiniplex_staircase_pool
Lair:4:   layout_cellular_growth, gammafunk_ghost_arena, kilobyte_rumbling_trees
Lair:5:   hellmonk_lair_end_abyssal_woods, layout_loops_ring, slime_entry_1
Swamp:1:  layout_basic_swamp, serial_swamp_ruin, evilmike_swamp_ruin_wall,
          evilmike_swamp_ruin_rubble_1, evilmike_swamp_ruin_house_1,
          uniq_jorgrun
Swamp:2:  layout_falls_marsh, nicolae_swamp_oxbows
Swamp:3:  layout_falls_marsh, nicolae_swamp_bean_lake, swamp_pool_5
Swamp:4:  swamp_fiery, layout_basic_swamp, gammafunk_ghost_cemetery,
          swamp_pool_1_2
Snake:1:  layout_honeycomb, basic_altar, nicolae_snake_gridmaze_squiggle,
          nrook_guardian_serpent_ordinary
Snake:2:  layout_rooms, drop_trap, grunt_megastairs_2, uniq_roxanne
Snake:3:  layout_rooms, nicolae_large_snake_swirl, uniq_louise
Snake:4:  minmay_snake_end_coiled, layout_gridlike, basic_altar, serial_shops,
          nicolae_shop_pleasant_corner_grove
Orc:1:    layout_caves
Orc:2:    st_orc_open, layout_diamond_mine, basic_altar, minmay_orc_temple_c
Elf:1:    layout_geoelf_diagonals, basic_altar, serial_shops, bzr_entry_road,
          minmay_elf_sorcery, evilmike_spriggan_trog_shrine
Elf:2:    nicolae_elf_blades_crystal_corner, layout_gridlike,
          serial_hangedman_research, hangedman_research_electronics,
          hangedman_research_thanatology, hangedman_research_convocations,
          hangedman_research_probablistics, hangedman_research_thermodynamics,
          hangedman_research_toxicology
Elf:3:    elf_hall, layout_loops_cross, special_room
          [special_room_mythical_zoo], basic_altar, serial_shops, shop
Vaults:1: ontoclasm_vaults_twist, v_pattern_5, nicolae_vaults_tangram_1,
          nicolae_vaults_trapezoid_lopsided_1, vaults_dpeg_cross,
          nicolae_vaults_cochlea, nicolae_vaults_wine_cellar, v_misc_25,
          nicolae_vaults_theta, layout_vaults_omnigrid, serial_shops,
          nicolae_shop_real_fake_doors, nicolae_shop_overgrown_old_shop,
          nicolae_shop_hallway_stairs, shop
Vaults:2: hellmonk_ghost_happy_afterlife, nicolae_vaults_frosty_reception,
          minmay_crypt_entry_vampire_xt, dpeg_vaults_monster_box,
          grunt_vaults_twisty, vaults_dpeg_hooks, v_misc_17,
          nicolae_vaults_closet_pinwheel_4, v_misc_24,
          nicolae_vaults_security_offices_6, nicolae_vaults_specimen_jars,
          layout_vaults_chaotic_city, serial_shops, shop, uniq_asterion,
          uniq_mennas
Vaults:3: vaults_room_fours, nicolae_vaults_little_ls, vaults_room_corners,
          nicolae_vaults_spaceships, ontoclasm_vaults_ring_small,
          ontoclasm_vaults_spin, nicolae_vaults_network_s, st_spiral_rooms,
          nicolae_vaults_tetromino_Z_1, nicolae_vaults_double_plus_1,
          layout_vaults_maze_snakey
Vaults:4: biasface_ghost_orc_armoury, nicolae_vaults_offset_grid_hallway_1,
          vaults_room_boxed, hangedman_vaults_pinch, hangedman_vaults_capsules,
          nicolae_vaults_an_arrangement, nicolae_vaults_turnstiles,
          vaults_room_hallway, ontoclasm_vaults_idyll, vaults_room_semicircle,
          v_rooms_6, layout_vaults_big_cross
Vaults:5: serial_shops, uniq_jory
Depths:1: kennysheep_green_arena, layout_gridlike, hangedman_coc_ice_floe,
          rand_demon_pan_entry_1, minmay_hollow_rounded_squares,
          serial_bayou_shore_b, minmay_shop_star
Depths:2: cheibrodos_hall_of_evolution, layout_gridville,
          chequers_serial_rivers_room_b, pan_entry, hellmouth_3,
          infiniplex_staircase_zigzag_3
Depths:3: cheibrodos_tormentor_scu, layout_basic, abyss_entry,
          hangedman_decor_slide_cut, hangedman_tar_grid_catacomb,
          grunt_megastairs_4
Depths:4: grunt_zot_entry_hairpin, layout_gridlike, enter_ziggurat_c,
          dk_noncrumbling_4, hell_entry, grunt_pan_entry_in_and_out,
          uniq_saint_roka
Zot:1:    layout_twisted_circle, basic_altar
Zot:2:    nicolae_moth_party, layout_onion, bh_zot_lava_cross,
          grunt_megastairs_5
Zot:3:    layout_gridville, regret_index_zotdec_decaying_basic
Zot:4:    minmay_elemental_castle, layout_misc_corridors,
          hangedman_zot_decor_scrapings
Zot:5:    layout_twisted_circle, st_stairs_3

Skill      XL: |  1  2  3  4  5  6  7  8  9 10 11 12 13 14 15 16 17 18 19 20 21 22 23 24 |
---------------+-------------------------------------------------------------------------+-----
Stealth        | 2 3 4 6 7 |  7.7
Dodging        | 4 5 6 9 10 12 15 16 17 18 19 20 | 20.0
Transmutations | 2 3 4 5 |  5.2
Poison Magic   | 1 2 3 4 5 8 10 13 17 20 | 20.1
Spellcasting   | 1 2 4 5 6 7 8 |  8.5
Air Magic      | 1 2 4 6 |  6.0
Fighting       | 4 5 11 12 13 14 15 16 17 18 20 | 20.0
Evocations     | 2 4 7 9 10 | 10.6
Unarmed Combat | 4 5 8 10 12 14 15 17 18 20 | 20.0
Earth Magic    | 1 |  1.0
Shapeshifting  | 8 13 15 16 17 18 19 20 | 20.0
Translocations | 5 8 11 12 14 | 14.0

Action                     |  1- 3 |  4- 6 |  7- 9 | 10-12 | 13-15 | 16-18 | 19-21 | 22-24 || total
---------------------------+-------+-------+-------+-------+-------+-------+-------+-------++-------
  Melee: Unarmed           |   134 |    91 |   255 |   341 |   972 |  1665 |  1560 |  1523 ||  6541
         Bite              |    14 |    14 |    44 |    44 |   168 |   258 |   282 |   322 ||  1146
         Punch             |     3 |     5 |    10 |    21 |    75 |   194 |   245 |   315 ||   868
   Cast: Sting             |       |    29 |    52 |    42 |     3 |     1 |       |       ||   127
         Poisonous Vapours |       |    26 |    91 |     7 |       |       |       |       ||   124
         Ignite Poison     |       |       |     5 |    52 |    58 |       |     9 |       ||   124
         Olgreb's Toxic Ra |       |       |     2 |    79 |   110 |     1 |    14 |       ||   206
         Petrify           |       |       |       |    21 |    17 |       |       |       ||    38
         Vhi's Electric Ch |       |       |       |       |     1 |    25 |    54 |    63 ||   143
         Wereblood         |       |       |       |       |       |       |     1 |    38 ||    39
         Passwall          |       |       |       |       |       |       |       |     9 ||     9
         Apportation       |       |       |       |       |       |       |       |     3 ||     3
  Evoke: Wand              |       |     1 |     2 |     2 |     5 |     8 |    13 |    31 ||    62
    Use: Potion            |     3 |       |     1 |       |       |     3 |    11 |    10 ||    28
         Scroll            |     5 |       |     6 |     9 |     7 |     9 |     9 |    22 ||    67
   Stab: Sleeping          |     7 |     3 |     7 |     6 |     9 |    18 |    19 |    16 ||    85
         Distracted        |     1 |     2 |     1 |       |     3 |    11 |     6 |     3 ||    27
         Paralysed         |       |     2 |     4 |     1 |     1 |       |     1 |     2 ||    11
         Confused          |       |       |     2 |     3 |     2 |     7 |     4 |     8 ||    26
         Petrified         |       |       |       |    26 |    14 |     2 |       |     1 ||    43
         Petrifying        |       |       |       |     3 |     3 |       |     2 |     2 ||    10
         Invisible         |       |       |       |       |       |     2 |     2 |     3 ||     7
 Armour: Skin              |    27 |    13 |    94 |   103 |   501 |   816 |   761 |   656 ||  2971
  Dodge: Dodged            |   111 |    75 |   236 |   369 |  2033 |  4083 |  3622 |  3218 || 13747
  Block: Other             |       |       |       |    35 |   283 |       |       |       ||   318
   Form: Statue            |       |       |       |       |     1 |       |       |       ||     1

Table legend: (Time is in decaauts)
 A = Elapsed time spent in this place.
 B = Non-inter-level travel time spent in this place.
 C = Inter-level travel time spent in this place.
 D = Time resting spent in this place.
 E = Time spent auto-exploring this place.
 F = Levels seen in this place.
 G = Mean time per level.
                   A        B        C        D        E       F      G
               +--------+--------+--------+--------+--------+-----+--------+
         Total |  71785 |  65086 |   6699 |   6205 |  41798 |  51 | 1407.5 |
       Dungeon |  21441 |  18536 |   2905 |   1718 |  12089 |  15 | 1429.4 |
          Lair |   7945 |   7084 |    861 |    334 |   5472 |   5 | 1589.0 |
         Swamp |   3964 |   3792 |    172 |    115 |   2564 |   4 |  991.0 |
     Snake Pit |   5542 |   5322 |    220 |    929 |   2412 |   4 | 1385.5 |
  Orcish Mines |   2640 |   2349 |    291 |     12 |   1918 |   2 | 1320.0 |
   Elven Halls |   7028 |   6608 |    420 |   1631 |   3193 |   3 | 2342.7 |
        Vaults |  10693 |   9903 |    790 |    668 |   7034 |   5 | 2138.6 |
        Depths |   7360 |   6612 |    748 |    193 |   4549 |   4 | 1840.0 |
           Zot |   3922 |   3634 |    288 |    327 |   2395 |   5 |  784.4 |
         Abyss |    312 |    312 |      0 |      0 |      0 |   2 |  156.0 |
        Bazaar |    154 |    154 |      0 |      0 |    130 |   1 |  154.0 |
       Ossuary |    779 |    779 |      0 |    273 |     39 |   1 |  779.0 |
               +--------+--------+--------+--------+--------+-----+--------+

Top non-repeatable levels by time:
Vaults:2: 2855 daAuts
   Elf:2: 2679 daAuts
   Elf:3: 2641 daAuts
Vaults:5: 2539 daAuts
 Snake:4: 2382 daAuts
Depths:1: 2252 daAuts
    D:15: 2163 daAuts
  Lair:3: 2140 daAuts
   Orc:2: 1887 daAuts
Vaults:1: 1880 daAuts
Depths:4: 1836 daAuts
     D:9: 1780 daAuts
    D:12: 1778 daAuts
     D:3: 1739 daAuts
Vaults:4: 1712 daAuts

Table legend:
 A = Kills in this place as a percentage of kills in the entire game.
 B = Kills by you in this place as a percentage of kills by you in the entire game.
 C = Kills by friends in this place as a percentage of kills by friends in the entire game.
 D = Other kills in this place as a percentage of other kills in the entire game.
 E = Experience gained in this place as a percentage of experience gained in the entire game.
 F = Experience gained in this place divided by the number of levels of this place that you have seen.
                   A       B       C       D       E      F
               +-------+-------+-------+-------+-------+----------------------
         Total | 100.0 | 100.0 | 100.0 | 100.0 | 100.0 | 22187.5
       Dungeon |  22.5 |  22.3 |  41.5 |  10.0 |   6.7 | 5073.1
          Lair |   6.9 |   6.9 |   7.3 |   0.0 |   3.8 | 8542.2
         Swamp |   5.2 |   5.3 |   0.0 |   6.7 |   4.8 | 13502.8
     Snake Pit |  10.4 |  10.4 |   7.3 |  13.3 |  10.2 | 28876.0
  Orcish Mines |   6.9 |   7.0 |   2.4 |   3.3 |   2.4 | 13613.5
   Elven Halls |  11.0 |  10.9 |   7.3 |  20.0 |  13.2 | 49916.3
        Vaults |  18.8 |  18.6 |  22.0 |  30.0 |  30.0 | 67872.0
        Depths |  11.9 |  12.1 |   4.9 |   6.7 |  18.4 | 52030.8
           Zot |   3.8 |   3.9 |   0.0 |   3.3 |   9.3 | 21048.0
         Abyss |   1.2 |   1.2 |   0.0 |   6.7 |   1.1 | 6316.5
       Ossuary |   1.4 |   1.3 |   7.3 |   0.0 |   0.1 | 908.0
               +-------+-------+-------+-------+-------+----------------------
